Workbook
Name EURO: 6.55957
Name FOD: Fourn!#REF!
Name FOD: Loc!#REF!
Name FOD: Personnel!#REF!
Name FOD: Materiel!$I$3
Name FOD_2006: #REF!
Name GO: Fourn!#REF!
Name GO: Loc!#REF!
Name GO: Personnel!#REF!
Name GO: Materiel!$I$4
Name GO_2006: #REF!
Name ListeFournitures: Fourn!$B$17:$B$200
Name ListeLocations: Loc!$B$15:$B$100
Name ListeMachine: Fourn!$B$14:$B$200
Name ListeMachine: Loc!$B$14:$B$100
Name ListeMachine: Personnel!$B$14:$B$107
Name ListeMachine: Materiel!$B$14:$B$410
Name ListePersonnel: Personnel!$B$17:$B$107
Name TVA: 0.196

Sheet modele
M1: ANNEXE 1 AU BORDEREAU DE PRIX
A3: CADRE TYPE DE SOUS-DETAIL DE PRIX DE BORDEREAU
A5: Nom de l'entreprise : | C5: CHARIER TP
A6: Désignation du chantier : | C6: ='DE récap'!D1 -> 0 | I6: Désignation du prix : | J6: =C10 -> #N/A | O6: Date d'établissement : | P6: ='DE récap'!F1 -> 0
A9: N° de prix : (2) | C9: =MID(CELL("nomfichier",C9),FIND("]",CELL("nomfichier",C9))+1,LEN(CELL("nomfichier",C9))-FIND("]",CELL("nomfichier",C9))) -> modele
A10: Titre : | C10: =IF($C$9<>"",VLOOKUP($C$9,'DE récap'!$C$4:$F$151,2,FALSE),"") -> #N/A | O10: Quantités au marché : | P10: =IF($C$9<>"",VLOOKUP($C$9,'DE récap'!$C$4:$F$25,4,FALSE),"") -> #N/A
O11: Unité de mesure : | P11: =IF($C$9<>"",VLOOKUP($C$9,'DE récap'!$C$4:$F$25,3,FALSE),"") -> #N/A
A12: Eléments de base du prix | E12: Décomposition du prix
D13: Quantités ou durées | E13: Matériel et matières | I13: Main-d’œuvre | K13: Fournitures | M13: TOTAL 1 | O13: Sous-traitants (2) et (5)
E14: fongibles | M14: (3 + 5 + 7)
A15: Désignation | C15: Unité rdmt | D15: d'utilisation élémentaires | E15: Prix | F15: Total | I15: Prix | J15: Total | K15: Prix | L15: Total | O15: Prix | P15: TOTAL 4 (1 x 9)
E16: unitaire | F16: (1 x 2) | I16: unitaire | J16: (1 x 4) | K16: unitaire | L16: (1 x 6) | O16: unitaire
D18: 1 | E18: 2 | F18: 3 | I18: 4 | J18: 5 | K18: 6 | L18: 7 | M18: 8 | O18: 9 | P18: 10
C19: 0 | D19: =IF($C$9<>"",VLOOKUP($C$9,'DE récap'!$C$4:$F$25,4,FALSE),"") -> #N/A
A20: Personnel
C21: =IF(A21<>"",VLOOKUP(A21,Personnel!$B$17:$D$121,2,FALSE),"") | F21: =IF(E21="",0,E21*D21) -> 0 | I21: =IF(A21<>"",VLOOKUP(A21,Personnel!$B$15:$L$107,3,FALSE),0) -> 0 | J21: =IF(I21="",0,I21*D21) -> 0 | L21: =IF(K21="",0,K21*D21) -> 0 | M21: =F21+J21+L21 -> 0 | P21: =IF(O21="",0,O21*D21) -> 0
C22: =IF(A22<>"",VLOOKUP(A22,Personnel!$B$17:$D$121,2,FALSE),"") | F22: =IF(E22="",0,E22*D22) -> 0 | I22: =IF(A22<>"",VLOOKUP(A22,Personnel!$B$15:$L$107,3,FALSE),"") | J22: =IF(I22="",0,I22*D22) -> 0 | L22: =IF(K22="",0,K22*D22) -> 0 | M22: =IF(ISERR(F22+J22+L22),"",F22+J22+L22) -> 0 | P22: =IF(O22="",0,O22*D22) -> 0
C23: =IF(A23<>"",VLOOKUP(A23,Personnel!$B$17:$D$121,2,FALSE),"") | F23: =IF(E23="",0,E23*D23) -> 0 | I23: =IF(A23<>"",VLOOKUP(A23,Personnel!$B$15:$L$107,3,FALSE),"") | J23: =IF(I23="",0,I23*D23) -> 0 | L23: =IF(K23="",0,K23*D23) -> 0 | M23: =IF(ISERR(F23+J23+L23),"",F23+J23+L23) -> 0 | P23: =IF(O23="",0,O23*D23) -> 0
A24: Matériel | F24: =IF(E24="",0,E24*D24) -> 0 | J24: =IF(I24="",0,I24*D24) -> 0 | L24: =IF(K24="",0,K24*D24) -> 0 | M24: =IF(ISERR(F24+J24+L24),"",F24+J24+L24) -> 0 | P24: =IF(O24="",0,O24*D24) -> 0
C25: =IF(A25<>"",VLOOKUP(A25,Materiel!$B$15:$J$124,9,FALSE),"") | E25: =IF(A25<>"",VLOOKUP(A25,Materiel!$B$14:$M$410,8,FALSE),"") | F25: =IF(E25="",0,E25*D25) -> 0 | I25: =IF(A25<>"",VLOOKUP(A25,Materiel!$B$15:$L$110,10,FALSE),"") | J25: =IF(I25="",0,I25*D25) -> 0 | L25: =IF(K25="",0,K25*D25) -> 0 | M25: =IF(ISERR(F25+J25+L25),"",F25+J25+L25) -> 0 | P25: =IF(O25="",0,O25*D25) -> 0
C26: =IF(A26<>"",VLOOKUP(A26,Materiel!$B$15:$J$124,9,FALSE),"") | E26: =IF(A26<>"",VLOOKUP(A26,Materiel!$B$14:$M$410,8,FALSE),"") | F26: =IF(E26="",0,E26*D26) -> 0 | I26: =IF(A26<>"",VLOOKUP(A26,Materiel!$B$15:$L$110,10,FALSE),"") | J26: =IF(I26="",0,I26*D26) -> 0 | L26: =IF(K26="",0,K26*D26) -> 0 | M26: =IF(ISERR(F26+J26+L26),"",F26+J26+L26) -> 0 | P26: =IF(O26="",0,O26*D26) -> 0
C27: =IF(A27<>"",VLOOKUP(A27,Materiel!$B$15:$J$124,9,FALSE),"") | E27: =IF(A27<>"",VLOOKUP(A27,Materiel!$B$14:$M$410,8,FALSE),"") | F27: =IF(E27="",0,E27*D27) -> 0 | I27: =IF(A27<>"",VLOOKUP(A27,Materiel!$B$15:$L$110,10,FALSE),"") | J27: =IF(I27="",0,I27*D27) -> 0 | L27: =IF(K27="",0,K27*D27) -> 0 | M27: =IF(ISERR(F27+J27+L27),"",F27+J27+L27) -> 0 | P27: =IF(O27="",0,O27*D27) -> 0
C28: =IF(A28<>"",VLOOKUP(A28,Materiel!$B$15:$J$124,9,FALSE),"") | E28: =IF(A28<>"",VLOOKUP(A28,Materiel!$B$14:$M$410,8,FALSE),"") | F28: =IF(E28="",0,E28*D28) -> 0 | I28: =IF(A28<>"",VLOOKUP(A28,Materiel!$B$15:$L$110,10,FALSE),"") | J28: =IF(I28="",0,I28*D28) -> 0 | L28: =IF(K28="",0,K28*D28) -> 0 | M28: =IF(ISERR(F28+J28+L28),"",F28+J28+L28) -> 0 | P28: =IF(O28="",0,O28*D28) -> 0
C29: =IF(A29<>"",VLOOKUP(A29,Materiel!$B$15:$J$124,9,FALSE),"") | E29: =IF(A29<>"",VLOOKUP(A29,Materiel!$B$14:$M$410,8,FALSE),"") | F29: =IF(E29="",0,E29*D29) -> 0 | I29: =IF(A29<>"",VLOOKUP(A29,Materiel!$B$15:$L$110,10,FALSE),"") | J29: =IF(I29="",0,I29*D29) -> 0 | L29: =IF(K29="",0,K29*D29) -> 0 | M29: =IF(ISERR(F29+J29+L29),"",F29+J29+L29) -> 0 | P29: =IF(O29="",0,O29*D29) -> 0
A30: Location | F30: =IF(E30="",0,E30*D30) -> 0 | J30: =IF(I30="",0,I30*D30) -> 0 | L30: =IF(K30="",0,K30*D30) -> 0 | M30: =IF(ISERR(F30+J30+L30),"",F30+J30+L30) -> 0 | P30: =IF(O30="",0,O30*D30) -> 0
C31: =IF(A31<>"",VLOOKUP(A31,Loc!$B$17:$J$114,2,FALSE),"") | F31: =IF(E31="",0,E31*D31) -> 0 | J31: =IF(I31="",0,I31*D31) -> 0 | K31: =IF(A31<>"",VLOOKUP(A31,Loc!$B$15:$D$50,3,FALSE),"") | L31: =IF(K31="",0,K31*D31) -> 0 | M31: =IF(ISERR(F31+J31+L31),"",F31+J31+L31) -> 0 | P31: =IF(O31="",0,O31*D31) -> 0
C32: =IF(A32<>"",VLOOKUP(A32,Loc!$B$17:$J$114,2,FALSE),"") | F32: =IF(E32="",0,E32*D32) -> 0 | J32: =IF(I32="",0,I32*D32) -> 0 | K32: =IF(A32<>"",VLOOKUP(A32,Loc!$B$15:$D$50,3,FALSE),"") | L32: =IF(K32="",0,K32*D32) -> 0 | M32: =IF(ISERR(F32+J32+L32),"",F32+J32+L32) -> 0 | P32: =IF(O32="",0,O32*D32) -> 0
C33: =IF(A33<>"",VLOOKUP(A33,Loc!$B$17:$J$114,2,FALSE),"") | F33: =IF(E33="",0,E33*D33) -> 0 | J33: =IF(I33="",0,I33*D33) -> 0 | K33: =IF(A33<>"",VLOOKUP(A33,Loc!$B$15:$D$50,3,FALSE),"") | L33: =IF(K33="",0,K33*D33) -> 0 | M33: =IF(ISERR(F33+J33+L33),"",F33+J33+L33) -> 0 | P33: =IF(O33="",0,O33*D33) -> 0
A34: Fournitures | F34: =IF(E34="",0,E34*D34) -> 0 | J34: =IF(I34="",0,I34*D34) -> 0 | L34: =IF(K34="",0,K34*D34) -> 0 | M34: =IF(ISERR(F34+J34+L34),"",F34+J34+L34) -> 0 | P34: =IF(O34="",0,O34*D34) -> 0
C35: =IF(A35<>"",VLOOKUP(A35,Fourn!$B$17:$D$114,2,FALSE),"") | F35: =IF(E35="",0,E35*D35) -> 0 | J35: =IF(I35="",0,I35*D35) -> 0 | K35: =IF(A35<>"",VLOOKUP(A35,Fourn!$B$17:$D$300,3,FALSE),"") | L35: =IF(K35="",0,K35*D35) -> 0 | M35: =IF(ISERR(F35+J35+L35),"",F35+J35+L35) -> 0 | P35: =IF(O35="",0,O35*D35) -> 0
C36: =IF(A36<>"",VLOOKUP(A36,Fourn!$B$17:$D$114,2,FALSE),"") | F36: =IF(E36="",0,E36*D36) -> 0 | J36: =IF(I36="",0,I36*D36) -> 0 | K36: =IF(A36<>"",VLOOKUP(A36,Fourn!$B$17:$D$300,3,FALSE),"") | L36: =IF(K36="",0,K36*D36) -> 0 | M36: =IF(ISERR(F36+J36+L36),"",F36+J36+L36) -> 0 | P36: =IF(O36="",0,O36*D36) -> 0
C37: =IF(A37<>"",VLOOKUP(A37,Fourn!$B$17:$D$114,2,FALSE),"") | F37: =IF(E37="",0,E37*D37) -> 0 | J37: =IF(I37="",0,I37*D37) -> 0 | K37: =IF(A37<>"",VLOOKUP(A37,Fourn!$B$17:$D$300,3,FALSE),"") | L37: =IF(K37="",0,K37*D37) -> 0 | M37: =IF(ISERR(F37+J37+L37),"",F37+J37+L37) -> 0 | P37: =IF(O37="",0,O37*D37) -> 0
C38: =IF(A38<>"",VLOOKUP(A38,Fourn!$B$17:$D$114,2,FALSE),"") | F38: =IF(E38="",0,E38*D38) -> 0 | J38: =IF(I38="",0,I38*D38) -> 0 | K38: =IF(A38<>"",VLOOKUP(A38,Fourn!$B$17:$D$300,3,FALSE),"") | L38: =IF(K38="",0,K38*D38) -> 0 | M38: =IF(ISERR(F38+J38+L38),"",F38+J38+L38) -> 0 | P38: =IF(O38="",0,O38*D38) -> 0
A39: Sous traitant | F39: =IF(E39="",0,E39*D39) -> 0 | J39: =IF(I39="",0,I39*D39) -> 0 | L39: =IF(K39="",0,K39*D39) -> 0 | M39: =IF(ISERR(F39+J39+L39),"",F39+J39+L39) -> 0 | P39: =IF(O39="",0,O39*D39) -> 0
F40: =IF(E40="",0,E40*D40) -> 0 | J40: =IF(I40="",0,I40*D40) -> 0 | L40: =IF(K40="",0,K40*D40) -> 0 | M40: =IF(ISERR(F40+J40+L40),"",F40+J40+L40) -> 0 | P40: =IF(O40="",0,O40*D40) -> 0
F41: =IF(E41="",0,E41*D41) -> 0 | J41: =IF(I41="",0,I41*D41) -> 0 | L41: =IF(K41="",0,K41*D41) -> 0 | M41: =IF(ISERR(F41+J41+L41),"",F41+J41+L41) -> 0 | P41: =IF(O41="",0,O41*D41) -> 0
F42: =IF(E42="",0,E42*D42) -> 0 | J42: =IF(I42="",0,I42*D42) -> 0 | L42: =IF(K42="",0,K42*D42) -> 0 | M42: =IF(ISERR(F42+J42+L42),"",F42+J42+L42) -> 0 | P42: =IF(O42="",0,O42*D42) -> 0
A43: DEBOURSES | E43: =SUM(F19:H42) -> 0 | I43: =SUM(J19:J42) -> 0 | K43: =SUM(L19:L42) -> 0 | M43: =SUM(M19:N42) -> 0 | O43: =SUM(P19:P42) -> 0
O44: TOTAL 4 : (T4) | P44: =O43 -> 0
A46: (1) Tous les prix sont hors TVA. | H46: TOTAL 1 : (T1) | J46: =M43 -> 0 | O46: K4 : frais de sous-traitance de T4 | P46: =Coeff!H5 -> 0.18
A47: (2) A compléter pour les prix de bordereau uniquement.
O48: TOTAL 5 : (T5) = T4 (1 + K4/100) :
A49: (3) Si les taux appliqués aux fournitures, aux travaux sous-traités ou aux travaux exécutés par l'entrepreneur sont différents, les faire apparaître distinctement. | H49: K1 frais généraux de siège (3) | K49: =Coeff!J2 -> 0.18 | L49: du Total 1 | O49: =P44*(1+P46) -> 0
A50: (4) Si les frais généraux de chantier comprennent une part importante de matériel ou de frais d'installation de chantier, faire apparaître cette part distinctement et en donner la décomposition par nature de dépenses. | H50: K2 frais généraux de chantier (4) | K50: =Coeff!J3 -> 0.08 | L50: du Total 1 | O50: TOTAL GENERAL :
H51: K3 aléas et bénéfices | K51: =Coeff!J4 -> 0.05 | L51: du Total 2 | O51: (T3 + T5)
H52: TOTAL 2 (T2) = T1 (1 + K1/100 + K2/100) : | L52: =J46*(1+K49+K50) -> 0
A53: (5) L'entrepreneur fournit le sous-détail de prix du sous-traitant. | O53: =O49+L54 -> 0
H54: TOTAL 3 (T3) = T2 (1 + K3/100) : | L54: =L52*(1+K51) -> 0

Sheet Personnel
B2: TARIF INTERNE 2018 | D2: AGENCE RE
D11: Coef SdP | E11: 1
B14: PERSONNEL
I16: PU interne
B17: Responsable d'Exploitation | C17: j | D17: =I17*$E$11 -> 650 | E17: Jour | I17: 650
B18: Ingénieur projet | C18: j | D18: 800
B19: Conducteur de travaux | C19: j | D19: 700 | E19: Jour | I19: 600
B20: Chef de Chantier | C20: h | D20: =600/8 -> 75 | E20: Jour | I20: 400
B21: Géometre | C21: j | D21: 450 | E21: Jour | I21: 400
B22: OCP Chef de Chantier | C22: h | D22: =D20*2/8 -> 18.75 | E22: Jour | I22: 400
B23: OCP Géometre | C23: j | D23: =+D21*2/8 -> 112.5 | E23: Jour | I23: 400
B24: QSE | C24: j | D24: 500 | E24: Jour | I24: 400
B25: Technicien labo | C25: j | D25: 900 | E25: Jour | I25: 450
B26: Primes de poste | C26: U | D26: 55
B27: OCP Technicien labo | C27: h | D27: =D25*2/8 -> 225 | E27: Jour | I27: 450
B28: Ingénieur Labo | C28: J | D28: 1500 | E28: Jour
D29: =I29*$E$11 -> 0
B30: Conducteur d'engins | C30: h | D30: 53 | E30: heure | I30: 40
B31: Chef d'équipe | C31: h | D31: 60 | E31: heure | I31: 47.5
B32: Chauffeur routier | C32: h | D32: 45 | E32: heure | I32: 48
B33: Ouvrier à pied | C33: h | D33: 53 | E33: heure | I33: 34
B34: Mécanicien | C34: h | D34: 60 | E34: heure | I34: 55.5
B35: OCP Conducteur d'engins | C35: h | D35: 53 | E35: heure | I35: 40
B36: OCP Chef d'équipe | C36: h | D36: 60 | E36: heure | I36: 47.5
B37: OCP Chauffeur routier | C37: h | D37: 45 | E37: heure | I37: 48
B38: OCP Ouvrier à pied | C38: h | D38: 53 | E38: heure | I38: 34
B39: OCP Mécanicien | C39: h | D39: 60 | E39: heure | I39: 55.5
D40: =I40*$E$11 -> 0
B41: travaux de nuit | C41: h | D41: =I41*$E$11 -> 34 | E41: heure | I41: 34
B42: intérim clause sociale | C42: h | D42: =I42*$E$11 -> 22 | E42: heure | I42: 22
D43: =I43*$E$11 -> 0
D44: =I44*$E$11 -> 0
D45: =I45*$E$11 -> 0
D46: =I46*$E$11 -> 0

Sheet Materiel
B2: TARIF INTERNE 2018 | M2: AGENCE RE
D3: COUT FOD CONSIDERE en €/L | I3: 1.4 | O3: COUT FOD CONSIDERE en €/L | T3: 0.9
D4: COUT GO CONSIDERE en €/L | I4: 1.2 | O4: COUT GO CONSIDERE en €/L | T4: 1.4
D5: LUB EN % DU CARBURANT | I5: 0.04 | O5: LUB EN % DU CARBURANT | T5: 0.04
D7: Coef SdP | I7: 1.35 | O7: Coef Frais Généraux | T7: 0.13
D8: MAIN D'ŒUVRE ( intégrant les intempéries et GD) | I8: 55 | O8: MAIN D'ŒUVRE ( intégrant les intempéries ) | T8: 34
D10: TARIFS en €/h hors OAS | O10: TARIFS en €/h hors OAS
D11: Amort. | E11: Carburant | F11: Conso | G11: Entretien | H11: Assurances | I11: Total | K11: Main d'Œuvre | L11: Prix SEC SdP | O11: Amort. | P11: Carburant | Q11: Conso | R11: Entretien | S11: Assurances | T11: Total | V11: Main d'Œuvre | W11: Prix SEC
D12: Technique | E12: et Lubrifiants | F12: (L/H) | H12: et Taxes | O12: Technique | P12: et Lubrifiants | Q12: (L/H) | S12: et Taxes
A14: 21 | B14: Matériel RENNES
B17: Bull D6 GPS | D17: =O17*I$7 -> 28.215 | E17: =+ROUND(F17*FOD*(1+$I$5)*I$7,1) -> 49.1 | F17: 25 | G17: 19 | H17: 1.5 | I17: =D17+E17+G17+H17 -> 97.815 | J17: h | K17: =I$8 -> 55 | L17: =K17+I17 -> 152.815 | O17: 20.9
B18: Niveleuse GPS | D18: =O18*I$7 -> 19.44 | E18: =+ROUND(F18*FOD*(1+$I$5)*I$7,1) -> 19.7 | F18: 10 | G18: 14.8 | H18: 1 | I18: =D18+E18+G18+H18 -> 54.94 | J18: h | K18: =I$8 -> 55 | L18: =K18+I18 -> 109.94 | O18: 14.4
B19: Tombereau 30T | D19: =O19*I$7 -> 36.18 | E19: =+ROUND(F19*FOD*(1+$I$5)*I$7,1) -> 33.4 | F19: 17 | G19: 10.5 | H19: 1.9 | I19: =D19+E19+G19+H19 -> 81.98 | J19: h | K19: =I$8 -> 55 | L19: =K19+I19 -> 136.98 | O19: 26.8
B20: Tombreau 40T | D20: =O20*I$7 -> 49.68 | E20: =+ROUND(F20*FOD*(1+$I$5)*I$7,1) -> 60.9 | F20: 31 | G20: 22.4 | H20: 2.6 | I20: =D20+E20+G20+H20 -> 135.58 | J20: h | K20: =+$I$8 -> 55 | L20: =+K20+I20 -> 190.58 | O20: 36.8 | P20: =+ROUND(Q20*FOD*(1+$I$5),1) -> 45.1 | Q20: 31 | R20: 22.4 | S20: 2.6 | T20: =O20+P20+R20+S20 -> 106.9 | U20: h | V20: =+$I$8 -> 55 | W20: =+V20+T20 -> 161.9
B21: Pelle 20T-25T GPS | D21: =O21*I$7 -> 20.25 | E21: =+ROUND(F21*FOD*(1+$I$5)*I$7,1) -> 31.4 | F21: 16 | G21: 9.4 | H21: 1 | I21: =D21+E21+G21+H21 -> 62.05 | J21: h | K21: =I$8 -> 55 | L21: =K21+I21 -> 117.05 | O21: 15
B22: Pelle 27T-30T GPS | D22: =O22*I$7 -> 24.705 | E22: =+ROUND(F22*FOD*(1+$I$5)*I$7,1) -> 49.1 | F22: 25 | G22: 10.6 | H22: 1.3 | I22: =D22+E22+G22+H22 -> 85.705 | J22: h | K22: =I$8 -> 55 | L22: =K22+I22 -> 140.705 | O22: 18.3
B23: Pelle 45T-50T déconstruction | D23: =O23*I$7 -> 41.04 | E23: =+ROUND(F23*FOD*(1+$I$5)*I$7,1) -> 66.8 | F23: 34 | G23: 22.2 | H23: 2.1 | I23: =D23+E23+G23+H23 -> 132.14 | J23: h | K23: =I$8 -> 55 | L23: =K23+I23 -> 187.14 | O23: 30.4
B24: Minipelle 8T | D24: 14.4 | E24: =+ROUND(F24*FOD*(1+$I$5),1) -> 2.9 | F24: 2 | G24: 6.2 | H24: 1 | I24: =D24+E24+G24+H24 -> 24.5 | J24: h | K24: =+$I$8 -> 55 | L24: =+K24+I24 -> 79.5 | O24: 14.4 | P24: =+ROUND(Q24*FOD*(1+$I$5),1) -> 2.9 | Q24: 2 | R24: 6.2 | S24: 1 | T24: =O24+P24+R24+S24 -> 24.5 | U24: h | V24: =+$I$8 -> 55 | W24: =+V24+T24 -> 79.5
B25: Compacteur | D25: 12 | E25: =+ROUND(F25*FOD*(1+$I$5)*I$7,1) -> 9.8 | F25: 5 | G25: 11 | H25: 0.8 | I25: =D25+E25+G25+H25 -> 33.6 | J25: h | K25: =I$8 -> 55 | L25: =K25+I25 -> 88.6 | O25: 11.5
B26: Compacteur V5 | D26: =O26*I$7 -> 22.815 | E26: =+ROUND(F26*FOD*(1+$I$5)*I$7,1) -> 35.4 | F26: 18 | G26: 12.3 | H26: 1.2 | I26: =D26+E26+G26+H26 -> 71.715 | J26: h | K26: =I$8 -> 55 | L26: =K26+I26 -> 126.715 | O26: 16.9
B28: OCP Bull D6 GPS | D28: =O28*I$7 -> 28.215 | E28: =+ROUND(F28*FOD*(1+$I$5)*I$7,1) -> 49.1 | F28: 25 | G28: 19 | H28: 1.5 | I28: =D28+E28+G28+H28 -> 97.815 | J28: h | K28: =I$8*2 -> 110 | L28: =K28+I28 -> 207.815 | O28: 20.9
B29: OCP Niveleuse GPS | D29: =O29*I$7 -> 19.44 | E29: =+ROUND(F29*FOD*(1+$I$5)*I$7,1) -> 19.7 | F29: 10 | G29: 14.8 | H29: 1 | I29: =D29+E29+G29+H29 -> 54.94 | J29: h | K29: =I$8*2 -> 110 | L29: =K29+I29 -> 164.94 | O29: 14.4
B30: OCP Tombereau 30T | D30: =O30*I$7 -> 36.18 | E30: =+ROUND(F30*FOD*(1+$I$5)*I$7,1) -> 33.4 | F30: 17 | G30: 10.5 | H30: 1.9 | I30: =D30+E30+G30+H30 -> 81.98 | J30: h | K30: =I$8*2 -> 110 | L30: =K30+I30 -> 191.98 | O30: 26.8
B31: OCP Tombereau 40T | D31: 65 | E31: =+ROUND(F31*FOD*(1+$I$5)*I$7,1) -> 60.9 | F31: 31 | G31: 22.4 | H31: 2.6 | I31: =D31+E31+G31+H31 -> 150.9 | J31: h | K31: =I$8*2 -> 110 | L31: =+K31+I31 -> 260.9 | N31: =#REF! -> #REF! | O31: 36.8 | P31: =+ROUND(Q31*FOD*(1+$I$5),1) -> 45.1 | Q31: 31 | R31: 22.4 | S31: 2.6 | T31: =O31+P31+R31+S31 -> 106.9 | U31: h | V31: =+$I$8 -> 55 | W31: =+V31+T31 -> 161.9
B32: OCP Pelle 20T-25T GPS | D32: =O32*I$7 -> 20.25 | E32: =+ROUND(F32*FOD*(1+$I$5)*I$7,1) -> 39.3 | F32: 20 | G32: 9.4 | H32: 1 | I32: =D32+E32+G32+H32 -> 69.95 | J32: h | K32: =I$8*2 -> 110 | L32: =K32+I32 -> 179.95 | O32: 15
B33: OCP Pelle 27T-30T GPS | D33: =O33*I$7 -> 24.705 | E33: =+ROUND(F33*FOD*(1+$I$5)*I$7,1) -> 59 | F33: 30 | G33: 10.6 | H33: 1.3 | I33: =D33+E33+G33+H33 -> 95.605 | J33: h | K33: =I$8*2 -> 110 | L33: =K33+I33 -> 205.605 | O33: 18.3
B34: OCP Pelle 45T-50T GPS | D34: 65 | E34: =+ROUND(F34*FOD*(1+$I$5)*I$7,1) -> 72.7 | F34: 37 | G34: 22.2 | H34: 2.1 | I34: =D34+E34+G34+H34 -> 162 | J34: h | K34: =I$8*2 -> 110 | L34: =K34+I34 -> 272 | O34: 30.4
B35: OCP Minipelle 8T | D35: 14.4 | E35: =+ROUND(F35*FOD*(1+$I$5),1) -> 2.9 | F35: 2 | G35: 6.2 | H35: 1 | I35: =D35+E35+G35+H35 -> 24.5 | J35: h | K35: =I$8*2 -> 110 | L35: =+K35+I35 -> 134.5 | O35: 14.4 | P35: =+ROUND(Q35*FOD*(1+$I$5),1) -> 2.9 | Q35: 2 | R35: 6.2 | S35: 1 | T35: =O35+P35+R35+S35 -> 24.5 | U35: h | V35: =+$I$8 -> 55 | W35: =+V35+T35 -> 79.5
B36: OCP Compacteur | D36: 12 | E36: =+ROUND(F36*FOD*(1+$I$5)*I$7,1) -> 9.8 | F36: 5 | G36: 11 | H36: 0.8 | I36: =D36+E36+G36+H36 -> 33.6 | J36: h | K36: =I$8*2 -> 110 | L36: =K36+I36 -> 143.6 | O36: 11.5
B37: OCP Compacteur V5 | D37: =O37*I$7 -> 22.815 | E37: =+ROUND(F37*FOD*(1+$I$5)*I$7,1) -> 35.4 | F37: 18 | G37: 12.3 | H37: 1.2 | I37: =D37+E37+G37+H37 -> 71.715 | J37: h | K37: =I$8*2 -> 110 | L37: =K37+I37 -> 181.715 | O37: 16.9
B40: Malaxeur de chaux | D40: =O40*I$7 -> 83.43 | E40: =+ROUND(F40*FOD*(1+$I$5)*I$7,1) -> 102.2 | F40: 52 | G40: 96.2 | H40: 4.3 | I40: =D40+E40+G40+H40 -> 286.13 | J40: h | K40: =I$8 -> 55 | L40: =K40+I40 -> 341.13 | O40: 61.8
A41: 68 | B41: Epandeur de chaux | D41: =O41*I$7 -> 33.345 | E41: =+ROUND(F41*FOD*(1+$I$5)*I$7,1) -> 23.6 | F41: 12 | G41: 14.6 | H41: 1.7 | I41: =D41+E41+G41+H41 -> 73.245 | J41: h | K41: =I$8 -> 55 | L41: =K41+I41 -> 128.245 | O41: 24.7
B42: Porte engins | D42: =O42*I$7 -> 29.7 | E42: =+ROUND(F42*FOD*(1+$I$5)*I$7,1) -> 37.3 | F42: 19 | G42: 18.6 | H42: 1.1 | I42: =D42+E42+G42+H42 -> 86.7 | J42: h | K42: =I$8 -> 55 | L42: =K42+I42 -> 141.7 | O42: 22
B43: Camion routier | D43: =O43*I$7 -> 9.585 | E43: =+ROUND(F43*FOD*(1+$I$5)*I$7,1) -> 31.4 | F43: 16 | G43: 10.5 | H43: 1.1 | I43: =D43+E43+G43+H43 -> 52.585 | J43: h | K43: 45 | L43: =K43+I43 -> 97.585 | O43: 7.1
B44: minitombereau | D44: =O44*I$7 -> 6.615 | E44: =+ROUND(F44*FOD*(1+$I$5)*I$7,1) -> 31.4 | F44: 16 | G44: 5.4 | H44: 1.1 | I44: =D44+E44+G44+H44 -> 44.515 | J44: h | K44: =I$8 -> 55 | L44: =K44+I44 -> 99.515 | O44: 4.9
B50: Voiture pilote | D50: =O50*I$7 -> 2.7 | E50: =+ROUND(F50*FOD*(1+$I$5)*I$7,1) -> 3.9 | F50: 2 | G50: 1.1 | H50: 0.2 | I50: =D50+E50+G50+H50 -> 7.9 | J50: h | K50: 46 | L50: =K50+I50 -> 53.9 | O50: 2
J51: h | K51: =I$8 -> 55 | U51: h
A52: 23 | B52: Décapeuses automotrices | J52: h | U52: h
B53: Scrap 621E-621F | D53: 33 | E53: =+ROUND(F53*FOD*(1+$I$5),1) -> 50.4 | F53: 34.647944 | G53: 34.2 | H53: 1.3 | I53: =D53+E53+G53+H53 -> 118.9 | J53: h | K53: =+$I$8 -> 55 | L53: =+K53+I53 -> 173.9 | O53: 33 | P53: =+ROUND(Q53*FOD*(1+$I$5),1) -> 50.4 | Q53: 34.647944 | R53: 34.2 | S53: 1.3 | T53: =O53+P53+R53+S53 -> 118.9 | U53: h | V53: =+$I$8 -> 55 | W53: =+V53+T53 -> 173.9
B54: Scrap 631E-631G | D54: 41.3 | E54: =+ROUND(F54*FOD*(1+$I$5),1) -> 68.2 | F54: 46.872782 | G54: 50.9 | H54: 2.9 | I54: =D54+E54+G54+H54 -> 163.3 | J54: h | K54: =+$I$8 -> 55 | L54: =+K54+I54 -> 218.3 | O54: 41.3 | P54: =+ROUND(Q54*FOD*(1+$I$5),1) -> 68.2 | Q54: 46.872782 | R54: 50.9 | S54: 2.9 | T54: =O54+P54+R54+S54 -> 163.3 | U54: h | V54: =+$I$8 -> 55 | W54: =+V54+T54 -> 218.3
B55: Scrap 623 | D55: 33 | E55: =+ROUND(F55*FOD*(1+$I$5),1) -> 50.4 | F55: 34.647944 | G55: 34.2 | H55: 1.3 | I55: =D55+E55+G55+H55 -> 118.9 | J55: h | K55: =+$I$8 -> 55 | L55: =+K55+I55 -> 173.9 | O55: 33 | P55: =+ROUND(Q55*FOD*(1+$I$5),1) -> 50.4 | Q55: 34.647944 | R55: 34.2 | S55: 1.3 | T55: =O55+P55+R55+S55 -> 118.9 | U55: h | V55: =+$I$8 -> 55 | W55: =+V55+T55 -> 173.9
A56: 26 | B56: Niveleuses | J56: h | U56: h
B57: Niveleuse 120H-120M-F106-BG110TA | D57: 11.8 | E57: =+ROUND(F57*FOD*(1+$I$5),1) -> 9.5 | F57: 6.4958882 | G57: 10.1 | H57: 0.8 | I57: =D57+E57+G57+H57 -> 32.2 | J57: h | K57: =+$I$8 -> 55 | L57: =+K57+I57 -> 87.2 | O57: 11.8 | P57: =+ROUND(Q57*FOD*(1+$I$5),1) -> 9.5 | Q57: 6.4958882 | R57: 10.1 | S57: 0.8 | T57: =O57+P57+R57+S57 -> 32.2 | U57: h | V57: =+$I$8 -> 55 | W57: =+V57+T57 -> 87.2
B58: Niveleuse 14G-14H | D58: 17 | E58: =+ROUND(F58*FOD*(1+$I$5),1) -> 27.7 | F58: 19.000957 | G58: 23.2 | H58: 1.2 | I58: =D58+E58+G58+H58 -> 69.1 | J58: h | K58: =+$I$8 -> 55 | L58: =+K58+I58 -> 124.1 | O58: 17 | P58: =+ROUND(Q58*FOD*(1+$I$5),1) -> 27.7 | Q58: 19.000957 | R58: 23.2 | S58: 1.2 | T58: =O58+P58+R58+S58 -> 69.1 | U58: h | V58: =+$I$8 -> 55 | W58: =+V58+T58 -> 124.1
J59: h | U59: h
A60: 28 | B60: Tombereaux | J60: h | U60: h
B61: Rigide 36T Terrassements (769C-769D-770) | D61: 21.6 | E61: =+ROUND(F61*FOD*(1+$I$5),1) -> 52.4 | F61: 35.985815 | G61: 19.9 | H61: 1.5 | I61: =D61+E61+G61+H61 -> 95.4 | J61: h | K61: =+$I$8 -> 55 | L61: =+K61+I61 -> 150.4 | O61: 21.6 | P61: =+ROUND(Q61*FOD*(1+$I$5),1) -> 52.4 | Q61: 35.985815 | R61: 19.9 | S61: 1.5 | T61: =O61+P61+R61+S61 -> 95.4 | U61: h | V61: =+$I$8 -> 55 | W61: =+V61+T61 -> 150.4
B62: Articulés CU 25T (A25C-A25D-A25E) | D62: 25.9 | E62: =+ROUND(F62*FOD*(1+$I$5),1) -> 20.4 | F62: 14.014501 | G62: 8.7 | H62: 1.8 | I62: =D62+E62+G62+H62 -> 56.8 | J62: h | K62: =+$I$8 -> 55 | L62: =+K62+I62 -> 111.8 | O62: 25.9 | P62: =+ROUND(Q62*FOD*(1+$I$5),1) -> 20.4 | Q62: 14.014501 | R62: 8.7 | S62: 1.8 | T62: =O62+P62+R62+S62 -> 56.8 | U62: h | V62: =+$I$8 -> 55 | W62: =+V62+T62 -> 111.8
B63: Articulés CU 30T Terrassements (730-A30D-A30E) | D63: 26.8 | E63: =+ROUND(F63*FOD*(1+$I$5),1) -> 24.8 | F63: 17 | G63: 10.5 | H63: 1.9 | I63: =D63+E63+G63+H63 -> 64 | J63: h | K63: =+$I$8 -> 55 | L63: =+K63+I63 -> 119 | O63: 26.8 | P63: =+ROUND(Q63*FOD*(1+$I$5),1) -> 24.8 | Q63: 17 | R63: 10.5 | S63: 1.9 | T63: =O63+P63+R63+S63 -> 64 | U63: h | V63: =+$I$8 -> 55 | W63: =+V63+T63 -> 119
B64: Articulés CU 40T Terrassements (740-A40-A40D-A40E-A40F) | D64: 36.8 | E64: =+ROUND(F64*FOD*(1+$I$5),1) -> 45.1 | F64: 31 | G64: 22.4 | H64: 2.6 | I64: =D64+E64+G64+H64 -> 106.9 | J64: h | K64: =+$I$8 -> 55 | L64: =+K64+I64 -> 161.9 | O64: 36.8 | P64: =+ROUND(Q64*FOD*(1+$I$5),1) -> 45.1 | Q64: 31 | R64: 22.4 | S64: 2.6 | T64: =O64+P64+R64+S64 -> 106.9 | U64: h | V64: =+$I$8 -> 55 | W64: =+V64+T64 -> 161.9
J65: h | U65: h
J66: h | U66: h
A67: 32 | B67: Pelles sur chenilles | J67: h | U67: h
B68: Minipelle 1.0-2.5T (301.6C - ECR28 - K008-3 - U15-3) | D68: 7.2 | E68: =+ROUND(F68*FOD*(1+$I$5),1) -> 2.9 | F68: 2 | G68: 4.2 | H68: 0.5 | I68: =D68+E68+G68+H68 -> 14.8 | J68: h | K68: =+$I$8 -> 55 | L68: =+K68+I68 -> 69.8 | O68: 7.2 | P68: =+ROUND(Q68*FOD*(1+$I$5),1) -> 2.9 | Q68: 2 | R68: 4.2 | S68: 0.5 | T68: =O68+P68+R68+S68 -> 14.8 | U68: h | V68: =+$I$8 -> 55 | W68: =+V68+T68 -> 69.8
B69: Minipelle 5T(ECR58 PLUS) | D69: 10.8 | E69: =+ROUND(F69*FOD*(1+$I$5),1) -> 2.9 | F69: 2 | G69: 4.7 | H69: 0.8 | I69: =D69+E69+G69+H69 -> 19.2 | J69: h | K69: =+$I$8 -> 55 | L69: =+K69+I69 -> 74.2 | O69: 10.8 | P69: =+ROUND(Q69*FOD*(1+$I$5),1) -> 2.9 | Q69: 2 | R69: 4.7 | S69: 0.8 | T69: =O69+P69+R69+S69 -> 19.2 | U69: h | V69: =+$I$8 -> 55 | W69: =+V69+T69 -> 74.2
B70: Minipelle 8T (80 VX2) | D70: 14.4 | E70: =+ROUND(F70*FOD*(1+$I$5),1) -> 2.9 | F70: 2 | G70: 6.2 | H70: 1 | I70: =D70+E70+G70+H70 -> 24.5 | J70: h | K70: =+$I$8 -> 55 | L70: =+K70+I70 -> 79.5 | O70: 14.4 | P70: =+ROUND(Q70*FOD*(1+$I$5),1) -> 2.9 | Q70: 2 | R70: 6.2 | S70: 1 | T70: =O70+P70+R70+S70 -> 24.5 | U70: h | V70: =+$I$8 -> 55 | W70: =+V70+T70 -> 79.5
B71: Pelles 12T-18T (312C-314D-318C-319D-EC140B-ECR145C) | D71: 12.2 | E71: =+ROUND(F71*FOD*(1+$I$5),1) -> 17.5 | F71: 12 | G71: 7.8 | H71: 0.8 | I71: =D71+E71+G71+H71 -> 38.3 | J71: h | K71: =+$I$8 -> 55 | L71: =+K71+I71 -> 93.3 | O71: 12.2 | P71: =+ROUND(Q71*FOD*(1+$I$5),1) -> 17.5 | Q71: 12 | R71: 7.8 | S71: 0.8 | T71: =O71+P71+R71+S71 -> 38.3 | U71: h | V71: =+$I$8 -> 55 | W71: =+V71+T71 -> 93.3
B72: Pelles 25T (324D-EC240B-EX255-PC240/6-PC240/7-PC240/8) | D72: 17.1 | E72: =+ROUND(F72*FOD*(1+$I$5),1) -> 24 | F72: 16.449322 | G72: 10.4 | H72: 1.2 | I72: =D72+E72+G72+H72 -> 52.7 | J72: h | K72: =+$I$8 -> 55 | L72: =+K72+I72 -> 107.7 | O72: 17.1 | P72: =+ROUND(Q72*FOD*(1+$I$5),1) -> 24 | Q72: 16.449322 | R72: 10.4 | S72: 1.2 | T72: =O72+P72+R72+S72 -> 52.7 | U72: h | V72: =+$I$8 -> 55 | W72: =+V72+T72 -> 107.7
B73: Pelles 35T 330C-330D-336D-EC360B-PC340/7-PC350-ZX350 | D73: 21.9 | E73: =+ROUND(F73*FOD*(1+$I$5),1) -> 36.4 | F73: 25 | G73: 13.8 | H73: 1.5 | I73: =D73+E73+G73+H73 -> 73.6 | J73: h | K73: =+$I$8 -> 55 | L73: =+K73+I73 -> 128.6 | O73: 21.9 | P73: =+ROUND(Q73*FOD*(1+$I$5),1) -> 36.4 | Q73: 25 | R73: 13.8 | S73: 1.5 | T73: =O73+P73+R73+S73 -> 73.6 | U73: h | V73: =+$I$8 -> 55 | W73: =+V73+T73 -> 128.6
B74: Pelles 65T-70T (365C-EC700C-R964C) | D74: 52.5 | E74: =+ROUND(F74*FOD*(1+$I$5),1) -> 81.5 | F74: 56 | G74: 22.6 | H74: 3.6 | I74: =D74+E74+G74+H74 -> 160.2 | J74: h | K74: =+$I$8 -> 55 | L74: =+K74+I74 -> 215.2 | O74: 52.5 | P74: =+ROUND(Q74*FOD*(1+$I$5),1) -> 81.5 | Q74: 56 | R74: 22.6 | S74: 3.6 | T74: =O74+P74+R74+S74 -> 160.2 | U74: h | V74: =+$I$8 -> 55 | W74: =+V74+T74 -> 215.2
B75: Pelles 80T (R974B) | D75: 59.6 | E75: =+ROUND(F75*FOD*(1+$I$5),1) -> 93.9 | F75: 64.504339 | G75: 24.4 | H75: 4.1 | I75: =D75+E75+G75+H75 -> 182 | J75: h | K75: =+$I$8 -> 55 | L75: =+K75+I75 -> 237 | O75: 59.6 | P75: =+ROUND(Q75*FOD*(1+$I$5),1) -> 93.9 | Q75: 64.504339 | R75: 24.4 | S75: 4.1 | T75: =O75+P75+R75+S75 -> 182 | U75: h | V75: =+$I$8 -> 55 | W75: =+V75+T75 -> 237
J76: h | U76: h
B77: Pelle 29 T Equipement terrassement | D77: 28.8 | E77: =+ROUND(F77*FOD*(1+$I$5),1) -> 29.1 | F77: 20 | G77: 23 | H77: 2 | I77: =D77+E77+G77+H77 -> 82.9 | J77: h | K77: =+$I$8 -> 55 | L77: =+K77+I77 -> 137.9 | O77: 28.8 | P77: =+ROUND(Q77*FOD*(1+$I$5),1) -> 29.1 | Q77: 20 | R77: 23 | S77: 2 | T77: =O77+P77+R77+S77 -> 82.9 | U77: h | V77: =+$I$8 -> 55 | W77: =+V77+T77 -> 137.9
B78: Pelle 29 T Equipement grande hauteur | D78: 40.9 | E78: =+ROUND(F78*FOD*(1+$I$5),1) -> 29.1 | F78: 20 | G78: 23 | H78: 2.8 | I78: =D78+E78+G78+H78 -> 95.8 | J78: h | K78: =+$I$8 -> 55 | L78: =+K78+I78 -> 150.8 | O78: 40.9 | P78: =+ROUND(Q78*FOD*(1+$I$5),1) -> 29.1 | Q78: 20 | R78: 23 | S78: 2.8 | T78: =O78+P78+R78+S78 -> 95.8 | U78: h | V78: =+$I$8 -> 55 | W78: =+V78+T78 -> 150.8
B79: Pelle 35 T Equipement terrassement | D79: 32 | E79: =+ROUND(F79*FOD*(1+$I$5),1) -> 32 | F79: 22 | G79: 24.5 | H79: 2.2 | I79: =D79+E79+G79+H79 -> 90.7 | J79: h | K79: =+$I$8 -> 55 | L79: =+K79+I79 -> 145.7 | O79: 32 | P79: =+ROUND(Q79*FOD*(1+$I$5),1) -> 32 | Q79: 22 | R79: 24.5 | S79: 2.2 | T79: =O79+P79+R79+S79 -> 90.7 | U79: h | V79: =+$I$8 -> 55 | W79: =+V79+T79 -> 145.7
B80: Pelle 35 T Equipement grande hauteur | D80: 45 | E80: =+ROUND(F80*FOD*(1+$I$5),1) -> 32 | F80: 22 | G80: 24.5 | H80: 3.1 | I80: =D80+E80+G80+H80 -> 104.6 | J80: h | K80: =+$I$8 -> 55 | L80: =+K80+I80 -> 159.6 | O80: 45 | P80: =+ROUND(Q80*FOD*(1+$I$5),1) -> 32 | Q80: 22 | R80: 24.5 | S80: 3.1 | T80: =O80+P80+R80+S80 -> 104.6 | U80: h | V80: =+$I$8 -> 55 | W80: =+V80+T80 -> 159.6
J81: h | U81: h
A82: 36 | B82: Perforatrices | J82: h | U82: h
B83: Perforatrice Ranger 800 | D83: 32.7 | E83: =+ROUND(F83*FOD*(1+$I$5),1) -> 42.6 | F83: 29.27393 | G83: 24.1 | H83: 2.3 | I83: =D83+E83+G83+H83 -> 101.7 | J83: h | K83: =+$I$8 -> 55 | L83: =+K83+I83 -> 156.7 | O83: 32.7 | P83: =+ROUND(Q83*FOD*(1+$I$5),1) -> 42.6 | Q83: 29.27393 | R83: 24.1 | S83: 2.3 | T83: =O83+P83+R83+S83 -> 101.7 | U83: h | V83: =+$I$8 -> 55 | W83: =+V83+T83 -> 156.7
B84: Perforatrice Pantera 1500 | D84: 40.8 | E84: =+ROUND(F84*FOD*(1+$I$5),1) -> 54.7 | F84: 37.554304 | G84: 24.3 | H84: 2.8 | I84: =D84+E84+G84+H84 -> 122.6 | J84: h | K84: =+$I$8 -> 55 | L84: =+K84+I84 -> 177.6 | O84: 40.8 | P84: =+ROUND(Q84*FOD*(1+$I$5),1) -> 54.7 | Q84: 37.554304 | R84: 24.3 | S84: 2.8 | T84: =O84+P84+R84+S84 -> 122.6 | U84: h | V84: =+$I$8 -> 55 | W84: =+V84+T84 -> 177.6
B85: Hors Taillants et trains de tige | J85: h | U85: h
J86: h | U86: h
A87: 60 | B87: Compacteurs à pneus | J87: h | U87: h
B88: Compacteur PS300-CCR14-21-C791 (3T/Roue) | D88: 14.4 | E88: =+ROUND(F88*FOD*(1+$I$5),1) -> 8.5 | F88: 5.8697068 | G88: 19.6 | H88: 1 | I88: =D88+E88+G88+H88 -> 43.5 | J88: h | K88: =+$I$8 -> 55 | L88: =+K88+I88 -> 98.5 | O88: 14.4 | P88: =+ROUND(Q88*FOD*(1+$I$5),1) -> 8.5 | Q88: 5.8697068 | R88: 19.6 | S88: 1 | T88: =O88+P88+R88+S88 -> 43.5 | U88: h | V88: =+$I$8 -> 55 | W88: =+V88+T88 -> 98.5
J89: h | U89: h
A90: 61 | B90: Petit matériel de compactage | J90: h | U90: h
B91: Compacteur Tandem < 1m | D91: 3.5 | E91: =+ROUND(F91*FOD*(1+$I$5),1) -> 6.4 | F91: 4.4 | G91: 4.9 | H91: 0.2 | I91: =D91+E91+G91+H91 -> 15 | J91: h | K91: =+$I$8 -> 55 | L91: =+K91+I91 -> 70 | O91: 3.5 | P91: =+ROUND(Q91*FOD*(1+$I$5),1) -> 6.4 | Q91: 4.4 | R91: 4.9 | S91: 0.2 | T91: =O91+P91+R91+S91 -> 15 | U91: h | V91: =+$I$8 -> 55 | W91: =+V91+T91 -> 70
B92: Pilonneuses | D92: 3.6 | E92: =+ROUND(F92*FOD*(1+$I$5),1) -> 0 | G92: 0.1 | H92: 0 | I92: =D92+E92+G92+H92 -> 3.7 | J92: h | O92: 3.6 | P92: =+ROUND(Q92*FOD*(1+$I$5),1) -> 0 | R92: 0.1 | S92: 0 | T92: =O92+P92+R92+S92 -> 3.7 | U92: h
B93: Plaque vibrantes | D93: 0.5 | E93: =+ROUND(F93*FOD*(1+$I$5),1) -> 0 | G93: 0.1 | H93: 0 | I93: =D93+E93+G93+H93 -> 0.6 | J93: h | O93: 0.5 | P93: =+ROUND(Q93*FOD*(1+$I$5),1) -> 0 | R93: 0.1 | S93: 0 | T93: =O93+P93+R93+S93 -> 0.6 | U93: h
J94: h | U94: h
A95: 62 | B95: Compacteurs monobilles-mixtes-tandem | J95: h | U95: h
B96: Compacteur monobille type VM2 | D96: 10.6 | E96: =+ROUND(F96*FOD*(1+$I$5),1) -> 5.3 | F96: 3.630137 | G96: 8.3 | H96: 0.6 | I96: =D96+E96+G96+H96 -> 24.8 | J96: h | K96: =+$I$8 -> 55 | L96: =+K96+I96 -> 79.8 | O96: 10.6 | P96: =+ROUND(Q96*FOD*(1+$I$5),1) -> 5.3 | Q96: 3.630137 | R96: 8.3 | S96: 0.6 | T96: =O96+P96+R96+S96 -> 24.8 | U96: h | V96: =+$I$8 -> 55 | W96: =+V96+T96 -> 79.8
B97: Compacteur monobille type VM4 | D97: 12.9 | E97: =+ROUND(F97*FOD*(1+$I$5),1) -> 15.1 | F97: 10.393548 | G97: 10.7 | H97: 0.7 | I97: =D97+E97+G97+H97 -> 39.4 | J97: h | K97: =+$I$8 -> 55 | L97: =+K97+I97 -> 94.4 | O97: 12.9 | P97: =+ROUND(Q97*FOD*(1+$I$5),1) -> 15.1 | Q97: 10.393548 | R97: 10.7 | S97: 0.7 | T97: =O97+P97+R97+S97 -> 39.4 | U97: h | V97: =+$I$8 -> 55 | W97: =+V97+T97 -> 94.4
B98: Compacteurs Mixte VX2 CB525 - CB525B - CB535B | D98: 15 | E98: =+ROUND(F98*FOD*(1+$I$5),1) -> 8.8 | F98: 6.0125428 | G98: 11.3 | H98: 0.8 | I98: =D98+E98+G98+H98 -> 35.9 | J98: h | K98: =+$I$8 -> 55 | L98: =+K98+I98 -> 90.9 | O98: 15 | P98: =+ROUND(Q98*FOD*(1+$I$5),1) -> 8.8 | Q98: 6.0125428 | R98: 11.3 | S98: 0.8 | T98: =O98+P98+R98+S98 -> 35.9 | U98: h | V98: =+$I$8 -> 55 | W98: =+V98+T98 -> 90.9
B99: Compacteurs 2 billes PV3 | D99: 4.1 | E99: =+ROUND(F99*FOD*(1+$I$5),1) -> 3.7 | F99: 2.5653595 | G99: 3.9 | H99: 0.2 | I99: =D99+E99+G99+H99 -> 11.9 | J99: h | K99: =+$I$8 -> 55 | L99: =+K99+I99 -> 66.9 | O99: 4.1 | P99: =+ROUND(Q99*FOD*(1+$I$5),1) -> 3.7 | Q99: 2.5653595 | R99: 3.9 | S99: 0.2 | T99: =O99+P99+R99+S99 -> 11.9 | U99: h | V99: =+$I$8 -> 55 | W99: =+V99+T99 -> 66.9
B100: Compacteurs 2 Billes VT0 BW138AD | D100: 4.1 | E100: =+ROUND(F100*FOD*(1+$I$5),1) -> 6.4 | F100: 4.4 | G100: 3.9 | H100: 0.2 | I100: =D100+E100+G100+H100 -> 14.6 | J100: h | K100: =+$I$8 -> 55 | L100: =+K100+I100 -> 69.6 | O100: 4.1 | P100: =+ROUND(Q100*FOD*(1+$I$5),1) -> 6.4 | Q100: 4.4 | R100: 3.9 | S100: 0.2 | T100: =O100+P100+R100+S100 -> 14.6 | U100: h | V100: =+$I$8 -> 55 | W100: =+V100+T100 -> 69.6
B101: Compacteurs 2 Billes VT1 AV70-2 - AV95 | D101: 10.6 | E101: =+ROUND(F101*FOD*(1+$I$5),1) -> 7.6 | F101: 5.2540793 | G101: 6.5 | H101: 0.6 | I101: =D101+E101+G101+H101 -> 25.3 | J101: h | K101: =+$I$8 -> 55 | L101: =+K101+I101 -> 80.3 | O101: 10.6 | P101: =+ROUND(Q101*FOD*(1+$I$5),1) -> 7.6 | Q101: 5.2540793 | R101: 6.5 | S101: 0.6 | T101: =O101+P101+R101+S101 -> 25.3 | U101: h | V101: =+$I$8 -> 55 | W101: =+V101+T101 -> 80.3
B102: Compacteurs 2 Billes VT2 BW161AD4 - BW190AD4 - CB534C | D102: 11.7 | E102: =+ROUND(F102*FOD*(1+$I$5),1) -> 11.8 | F102: 8.1221865 | G102: 11.9 | H102: 0.7 | J102: h | O102: 11.7 | P102: =+ROUND(Q102*FOD*(1+$I$5),1) -> 11.8 | Q102: 8.1221865 | R102: 11.9 | S102: 0.7 | U102: h
J103: h | U103: h
A104: 65 | B104: Compacteurs spéciaux | J104: h | U104: h
B105: Tamping WDH86/110 | D105: 3.5 | E105: =+ROUND(F105*FOD*(1+$I$5),1) -> 6.4 | F105: 4.4 | G105: 4.8 | H105: 0.2 | I105: =D105+E105+G105+H105 -> 14.9 | J105: h | K105: =+$I$8 -> 55 | L105: =+K105+I105 -> 69.9 | O105: 3.5 | P105: =+ROUND(Q105*FOD*(1+$I$5),1) -> 6.4 | Q105: 4.4 | R105: 4.8 | S105: 0.2 | T105: =O105+P105+R105+S105 -> 14.9 | U105: h | V105: =+$I$8 -> 55 | W105: =+V105+T105 -> 69.9
J106: h | U106: h
J107: h | U107: h
A108: 72 | B108: Malaxeurs | J108: h | U108: h
B109: Charrues et malaxeurs Jonquet | D109: 10.3 | G109: 11.4 | H109: 0.6 | I109: =D109+E109+G109+H109 -> 22.3 | J109: h | O109: 10.3 | R109: 11.4 | S109: 0.6 | T109: =O109+P109+R109+S109 -> 22.3 | U109: h
J110: h | U110: h
A111: 76 | B111: Broyeurs mobiles | J111: h | U111: h
B112: Lokotrac LT125 | D112: 90.4 | E112: =+ROUND(F112*FOD*(1+$I$5),1) -> 45.9 | F112: 31.515152 | G112: 80.9 | H112: 6.3 | I112: =D112+E112+G112+H112 -> 223.5 | J112: h | K112: =+$I$8 -> 55 | L112: =+K112+I112 -> 278.5 | O112: 90.4 | P112: =+ROUND(Q112*FOD*(1+$I$5),1) -> 45.9 | Q112: 31.515152 | R112: 80.9 | S112: 6.3 | T112: =O112+P112+R112+S112 -> 223.5 | U112: h | V112: =+$I$8 -> 55 | W112: =+V112+T112 -> 278.5
B113: Keestrack Apollo | D113: 25.6 | E113: =+ROUND(F113*FOD*(1+$I$5),1) -> 46.6 | F113: 32 | G113: 52.1 | H113: 1.8 | I113: =D113+E113+G113+H113 -> 126.1 | J113: h | K113: =+$I$8 -> 55 | L113: =+K113+I113 -> 181.1 | O113: 25.6 | P113: =+ROUND(Q113*FOD*(1+$I$5),1) -> 46.6 | Q113: 32 | R113: 52.1 | S113: 1.8 | T113: =O113+P113+R113+S113 -> 126.1 | U113: h | V113: =+$I$8 -> 55 | W113: =+V113+T113 -> 181.1
B114: Lokotrac LT110 | D114: 59.4 | E114: =+ROUND(F114*FOD*(1+$I$5),1) -> 42.5 | F114: 29.216596 | G114: 59.9 | H114: 4.1 | I114: =D114+E114+G114+H114 -> 165.9 | J114: h | K114: =+$I$8 -> 55 | L114: =+K114+I114 -> 220.9 | O114: 59.4 | P114: =+ROUND(Q114*FOD*(1+$I$5),1) -> 42.5 | Q114: 29.216596 | R114: 59.9 | S114: 4.1 | T114: =O114+P114+R114+S114 -> 165.9 | U114: h | V114: =+$I$8 -> 55 | W114: =+V114+T114 -> 220.9
...

Sheet Fourn
B2: FOURNITURES | D2: AGENCE RE
D9: Prix de VENTE
D13: écrit en orange = prix estimé
B14: Fournitures | D14: écrit en rouge = consultation
C16: U
B25: Remblai du site traité chaux | C25: m3 | D25: 3
B26: GNT 0/80 | C26: T | D26: 9.2
B27: Matériaux Fiche 9 | C27: T | D27: 11.23 | I27: =#REF! -> #REF!
B28: GNTA 0/315 | C28: T | D28: 12.3
B29: Matériaux drainants fiche 11 | C29: T | D29: 19.82 | I29: =#REF! -> #REF!
B30: Matériaux drainants fiche 12 | C30: T | D30: 17.22 | I30: =#REF! -> #REF!
B31: Enrochements | C31: T | D31: 7.8
B32: Transfert 1 ère cat | C32: U | D32: =3*85 -> 255
B33: Transfert 2 ème cat | C33: U | D33: =3*120 -> 360
B34: Transfert 3ème cat | C34: U | D34: 1000
B35: branchement | C35: U | D35: 300
B36: frais de fonctionnement installation | C36: MOIS | D36: 200
B37: frais de fonctionnement installation carrefour à feux | C37: MOIS | D37: 1160
B38: Grillage ht 1ml - orange | C38: ML | D38: 0.75
B39: Ouvrage de régulation avec caillibotis 1500x1500 avec cloison et clapet | C39: U | D39: 3300
B40: Garde corps | C40: U | D40: 450
B41: Dégrilleur 500/600 | C41: U | D41: 940
B42: Ouvrage by-pass 1500x1500 avec vanne d1000 | C42: U | D42: 13000
B43: Drains D140 | C43: ML | D43: 2.5
B44: Drains D200 | C44: ML | D44: 4.2
B45: Drains D250 | C45: ML | D45: 8.55
... B114: bucheron | C114: J | D114: 450

Sheet Loc
B2: LOCATIONS | D2: AGENCE RE
I5: 0.65
D9: Prix de VENTE
D13: écrit en orange = prix estimé
B14: Locations | D14: écrit en rouge = consultation
E15: unité | F15: fournisseur
B17: bungalow vestiaire | C17: mois | D17: 105 | E17: par mois
B18: bungalow sanitaire | C18: mois | D18: 150 | E18: par mois
B19: bungalow bureau | C19: mois | D19: 105 | E19: par mois
B20: bungalow labo | C20: mois | D20: 150 | E20: par mois
B21: Eclairages | C21: j | D21: 250 | E21: par jour
B22: carrefour à feux | C22: j | D22: 15.15 | E22: par jour | F22: Kangourou
B23: raboteuse W210 | C23: j | D23: 3570 | E23: la journée | F23: Brémat
B24: pompe surface 150m3/h | C24: j | D24: 49 | E24: par jour | F24: Loxam
B25: grue automotrice | C25: j | D25: 1280 | E25: par jour
B26: pelle et croque souche | C26: h | D26: 85 | E26: par heure
B27: gyro broyeur | C27: j | D27: 1000 | E27: par jour
B28: semi | C28: h | D28: 62.5 | E28: par heure
B29: tracteur benne | C29: h | D29: 45 | E29: par heure

Sheet Coeff
A1: =#REF! -> #REF! | B1: P
A2: =#REF! -> #REF! | B2: P | D2: COEFFICIENT | G2: K1 frais généraux de siège (3) | J2: 0.18
A3: =A2 -> #REF! | B3: P | D3: Materiel | E3: 1.2 | G3: K2 frais généraux de chantier (4) | J3: 0.08
A4: =A3 -> #REF! | B4: P | D4: Location | E4: 1.2 | G4: K3 aléas et bénéfices | J4: 0.05
A5: =A4 -> #REF! | B5: P | D5: Fourniture | E5: 1.2 | G5: K4 : frais de sous-traitance de T4 | H5: 0.18
A6: =A5 -> #REF! | B6: P | D6: Sous traitant | E6: 1.2
A7: =#REF! -> #REF! | B7: P
A8: =A7 -> #REF! | B8: P
A9: =A8 -> #REF! | B9: P
A10: =#REF! -> #REF! | B10: P
A11: =A10 -> #REF! | B11: P
A12: =A11 -> #REF! | B12: P
A13: =A12 -> #REF! | B13: P
A14: =A13 -> #REF! | B14: P
A15: =A14 -> #REF! | B15: P
A16: =A15 -> #REF! | B16: P
A17: =A16 -> #REF! | B17: P
A18: =A17 -> #REF! | B18: P
A19: =#REF! -> #REF! | B19: P
A20: =A19 -> #REF! | B20: P
A21: =A20 -> #REF! | B21: P
A22: =#REF! -> #REF! | B22: P
A23: =#REF! -> #REF! | B23: P
A24: =A23 -> #REF! | B24: P
A25: =#REF! -> #REF! | B25: P
A26: =#REF! -> #REF! | B26: P
A27: =#REF! -> #REF! | B27: P
A28: =A27 -> #REF! | B28: P
A29: =A28 -> #REF! | B29: P
A30: =#REF! -> #REF! | B30: P
A31: =A30 -> #REF! | B31: P
A32: =#REF! -> #REF! | B32: P
A33: =A32-1 -> #REF! | B33: HT
A34: =A33 -> #REF! | B34: TVA
A35: =A34 -> #REF! | B35: TTC | C35: =+#REF!/#REF! -> #REF!
A36: 0 | B36: V

Sheet DE récap
A1: 0 | B1: T
A3: Niveau | B3: Type | C3: N° Prix | D3: Désignation | E3: Unité | F3: Quantité | G3: PU | H3: Montant | I3: PU SDP | J3: écart
A4: =#REF! -> #REF! | B4: P | C4: 10B 11 702 00 | D4: Dégarnissage de la voie non mécanisé conduit jusqu'à une profondeur > 0,15 m et ≤ 0,25 m | E4: m de voie | F4: 90 | H4: =F4*G4 -> 0 | I4: =INDIRECT("'"&$C4&"'!o53") -> 0 | J4: =I4-G4 -> 0
A5: =A4 -> #REF! | B5: P | C5: 20C 11 400 00 | D5: Terre végétale : Reprise sur stock et amenée à pied d œuvre de terre végétale | E5: m3 | F5: 180 | H5: =F5*G5 -> 0 | I5: =INDIRECT("'"&$C5&"'!o53") -> 7.2533086 | J5: =I5-G5 -> 7.2533086
A6: =A5 -> #REF! | B6: P | H6: =F6*G6 -> 0 | I6: =INDIRECT("'"&$C6&"'!o53") -> #REF! | J6: =I6-G6 -> #REF!
A7: =A6 -> #REF! | B7: P | H7: =F7*G7 -> 0 | I7: =INDIRECT("'"&$C7&"'!o53") -> #REF! | J7: =I7-G7 -> #REF!
A8: =A7 -> #REF! | B8: P | H8: =F8*G8 -> 0 | I8: =INDIRECT("'"&$C8&"'!o53") -> #REF! | J8: =I8-G8 -> #REF!
A9: =#REF! -> #REF! | B9: P | H9: =F9*G9 -> 0 | I9: =INDIRECT("'"&$C9&"'!o53") -> #REF! | J9: =I9-G9 -> #REF!
A10: =#REF! -> #REF! | B10: P | H10: =F10*G10 -> 0 | I10: =INDIRECT("'"&$C10&"'!o53") -> #REF! | J10: =I10-G10 -> #REF!
A11: =#REF! -> #REF! | B11: P | H11: =F11*G11 -> 0 | I11: =INDIRECT("'"&$C11&"'!o53") -> #REF! | J11: =I11-G11 -> #REF!
A12: =#REF! -> #REF! | B12: P | H12: =F12*G12 -> 0 | I12: =INDIRECT("'"&$C12&"'!o53") -> #REF! | J12: =I12-G12 -> #REF!
A13: =A9 -> #REF! | B13: P | H13: =F13*G13 -> 0 | I13: =INDIRECT("'"&$C13&"'!o53") -> #REF! | J13: =I13-G13 -> #REF!
A14: =A13 -> #REF! | B14: P | H14: =F14*G14 -> 0 | I14: =#REF! -> #REF! | J14: =I14-G14 -> #REF!
A15: =A14 -> #REF! | B15: P | H15: =F15*G15 -> 0 | I15: =#REF! -> #REF! | J15: =I15-G15 -> #REF!
A16: =A14 -> #REF! | B16: P | H16: =F16*G16 -> 0 | I16: =INDIRECT("'"&$C16&"'!o53") -> #REF! | J16: =I16-G16 -> #REF!
A17: =A15 -> #REF! | B17: P | H17: =F17*G17 -> 0 | I17: =INDIRECT("'"&$C17&"'!o53") -> #REF! | J17: =I17-G17 -> #REF!
A18: =A17 -> #REF! | B18: P | H18: =F18*G18 -> 0 | I18: =INDIRECT("'"&$C18&"'!o53") -> #REF! | J18: =I18-G18 -> #REF!
A19: =#REF! -> #REF! | B19: P | H19: =F19*G19 -> 0 | I19: =INDIRECT("'"&$C19&"'!o53") -> #REF! | J19: =I19-G19 -> #REF!
A20: =#REF! -> #REF! | B20: P | H20: =F20*G20 -> 0 | I20: =INDIRECT("'"&$C20&"'!o53") -> #REF! | J20: =I20-G20 -> #REF!
A21: =#REF! -> #REF! | B21: P | H21: =F21*G21 -> 0 | I21: =INDIRECT("'"&$C21&"'!o56") -> #REF! | J21: =I21-G21 -> #REF!
A22: =#REF! -> #REF! | B22: P | H22: =F22*G22 -> 0 | I22: =INDIRECT("'"&$C22&"'!o53") -> #REF! | J22: =I22-G22 -> #REF!
A23: =#REF! -> #REF! | B23: P | H23: =F23*G23 -> 0 | I23: =INDIRECT("'"&$C23&"'!o53") -> #REF! | J23: =I23-G23 -> #REF!
A24: =A23 -> #REF! | B24: P | H24: =F24*G24 -> 0 | I24: =INDIRECT("'"&$C24&"'!o53") -> #REF! | J24: =I24-G24 -> #REF!
A25: =#REF! -> #REF! | B25: P | H25: =F25*G25 -> 0 | I25: =INDIRECT("'"&$C25&"'!o53") -> #REF! | J25: =I25-G25 -> #REF!
A26: =#REF! -> #REF! | B26: P | H26: =F26*G26 -> 0 | I26: =INDIRECT("'"&$C26&"'!o53") -> #REF! | J26: =I26-G26 -> #REF!
H27: =F27*G27 -> 0 | I27: =INDIRECT("'"&$C27&"'!o53") -> #REF! | J27: =I27-G27 -> #REF!
H28: =F28*G28 -> 0 | I28: =INDIRECT("'"&$C28&"'!o54") -> #REF! | J28: =I28-G28 -> #REF!
H29: =F29*G29 -> 0 | I29: =INDIRECT("'"&$C29&"'!o53") -> #REF! | J29: =I29-G29 -> #REF!
H30: =F30*G30 -> 0 | I30: =INDIRECT("'"&$C30&"'!o53") -> #REF! | J30: =I30-G30 -> #REF!
H31: =F31*G31 -> 0 | I31: =INDIRECT("'"&$C31&"'!o53") -> #REF! | J31: =I31-G31 -> #REF!
H32: =F32*G32 -> 0 | I32: =INDIRECT("'"&$C32&"'!o53") -> #REF! | J32: =I32-G32 -> #REF!
H33: =F33*G33 -> 0 | I33: =INDIRECT("'"&$C33&"'!o53") -> #REF! | J33: =I33-G33 -> #REF!
H34: =F34*G34 -> 0 | I34: =INDIRECT("'"&$C34&"'!o53") -> #REF! | J34: =I34-G34 -> #REF!
H35: =F35*G35 -> 0 | I35: =INDIRECT("'"&$C35&"'!o54") -> #REF! | J35: =I35-G35 -> #REF!
H36: =F36*G36 -> 0 | I36: =INDIRECT("'"&$C36&"'!o53") -> #REF! | J36: =I36-G36 -> #REF!
H37: =F37*G37 -> 0 | I37: =INDIRECT("'"&$C37&"'!o53") -> #REF! | J37: =I37-G37 -> #REF!
H38: =F38*G38 -> 0 | I38: =INDIRECT("'"&$C38&"'!o53") -> #REF! | J38: =I38-G38 -> #REF!
H39: =F39*G39 -> 0 | I39: =INDIRECT("'"&$C39&"'!o53") -> #REF! | J39: =I39-G39 -> #REF!
C40: FIN | H40: =F40*G40 -> 0 | I40: =INDIRECT("'"&$C40&"'!o53") -> #REF! | J40: =I40-G40 -> #REF!
H41: =F41*G41 -> 0 | I41: =INDIRECT("'"&$C41&"'!s53") -> #REF! | J41: =I41-G41 -> #REF!
H42: =F42*G42 -> 0 | I42: =INDIRECT("'"&$C42&"'!s53") -> #REF! | J42: =I42-G42 -> #REF!
H43: =F43*G43 -> 0 | I43: =INDIRECT("'"&$C43&"'!s53") -> #REF! | J43: =I43-G43 -> #REF!
H44: =F44*G44 -> 0 | I44: =INDIRECT("'"&$C44&"'!s53") -> #REF! | J44: =I44-G44 -> #REF!
H45: =F45*G45 -> 0 | I45: =INDIRECT("'"&$C45&"'!s53") -> #REF! | J45: =I45-G45 -> #REF!
H46: =F46*G46 -> 0 | I46: =INDIRECT("'"&$C46&"'!s53") -> #REF! | J46: =I46-G46 -> #REF!
H47: =F47*G47 -> 0 | I47: =INDIRECT("'"&$C47&"'!s53") -> #REF! | J47: =I47-G47 -> #REF!
H48: =F48*G48 -> 0 | I48: =INDIRECT("'"&$C48&"'!s53") -> #REF! | J48: =I48-G48 -> #REF!
H49: =F49*G49 -> 0 | I49: =INDIRECT("'"&$C49&"'!s53") -> #REF! | J49: =I49-G49 -> #REF!
H50: =F50*G50 -> 0 | I50: =INDIRECT("'"&$C50&"'!s53") -> #REF! | J50: =I50-G50 -> #REF!
H51: =F51*G51 -> 0 | I51: =INDIRECT("'"&$C51&"'!s53") -> #REF! | J51: =I51-G51 -> #REF!
H52: =F52*G52 -> 0 | I52: =INDIRECT("'"&$C52&"'!s53") -> #REF! | J52: =I52-G52 -> #REF!
... H121: =F121*G121 -> 0 | I121: =INDIRECT("'"&$C121&"'!s53") -> #REF! | J121: =I121-G121 -> #REF!
H122: =F122*G122 -> 0 | I122: =INDIRECT("'"&$C122&"'!t19") -> #REF! | J122: =I122-G122 -> #REF!
H123: =F123*G123 -> 0 | I123: =INDIRECT("'"&$C123&"'!t19") -> #REF! | J123: =I123-G123 -> #REF!

Sheet 10B 11 702 00
M1: ANNEXE 1 AU BORDEREAU DE PRIX
A3: CADRE TYPE DE SOUS-DETAIL DE PRIX DE BORDEREAU
A5: Nom de l'entreprise : | C5: CHARIER TP
A6: Désignation du chantier : | C6: ='DE récap'!D1 -> 0 | I6: Désignation du prix : | J6: =C10 -> Dégarnissage de la voie non mécanisé conduit jusqu'à une profondeur > 0,15 m et ≤ 0,25 m | O6: Date d'établissement : | P6: ='DE récap'!F1 -> 0
A9: N° de prix : (2) | C9: =MID(CELL("nomfichier",C9),FIND("]",CELL("nomfichier",C9))+1,LEN(CELL("nomfichier",C9))-FIND("]",CELL("nomfichier",C9))) -> 10B 11 702 00
A10: Titre : | C10: =IF($C$9<>"",VLOOKUP($C$9,'DE récap'!$C$4:$F$151,2,FALSE),"") -> Dégarnissage de la voie non mécanisé conduit jusqu'à une profondeur > 0,15 m et ≤ 0,25 m | O10: Quantités au marché : | P10: =IF($C$9<>"",VLOOKUP($C$9,'DE récap'!$C$4:$F$25,4,FALSE),"") -> 90
O11: Unité de mesure : | P11: =IF($C$9<>"",VLOOKUP($C$9,'DE récap'!$C$4:$F$25,3,FALSE),"") -> m de voie
A12: Eléments de base du prix | E12: Décomposition du prix
D13: Quantités ou durées | E13: Matériel et matières | I13: Main-d’œuvre | K13: Fournitures | M13: TOTAL 1 | O13: Sous-traitants (2) et (5)
E14: fongibles | M14: (3 + 5 + 7)
A15: Désignation | C15: Unité rdmt | D15: d'utilisation élémentaires | E15: Prix | F15: Total | I15: Prix | J15: Total | K15: Prix | L15: Total | O15: Prix | P15: TOTAL 4 (1 x 9)
E16: unitaire | F16: (1 x 2) | I16: unitaire | J16: (1 x 4) | K16: unitaire | L16: (1 x 6) | O16: unitaire
D18: 1 | E18: 2 | F18: 3 | I18: 4 | J18: 5 | K18: 6 | L18: 7 | M18: 8 | O18: 9 | P18: 10
C19: 90
A20: Personnel
C21: =IF(A21<>"",VLOOKUP(A21,Personnel!$B$17:$D$121,2,FALSE),"") | D21: 1 | F21: =IF(E21="",0,E21*D21) -> 0 | I21: =IF(A21<>"",VLOOKUP(A21,Personnel!$B$15:$L$107,3,FALSE),0) -> 0 | J21: =IF(I21="",0,I21*D21) -> 0 | L21: =IF(K21="",0,K21*D21) -> 0 | M21: =F21+J21+L21 -> 0 | P21: =IF(O21="",0,O21*D21) -> 0
C22: =IF(A22<>"",VLOOKUP(A22,Personnel!$B$17:$D$121,2,FALSE),"") | D22: 1 | F22: =IF(E22="",0,E22*D22) -> 0 | I22: =IF(A22<>"",VLOOKUP(A22,Personnel!$B$15:$L$107,3,FALSE),"") | J22: =IF(I22="",0,I22*D22) -> 0 | L22: =IF(K22="",0,K22*D22) -> 0 | M22: =IF(ISERR(F22+J22+L22),"",F22+J22+L22) -> 0 | P22: =IF(O22="",0,O22*D22) -> 0
C23: =IF(A23<>"",VLOOKUP(A23,Personnel!$B$17:$D$121,2,FALSE),"") | D23: 1 | F23: =IF(E23="",0,E23*D23) -> 0 | I23: =IF(A23<>"",VLOOKUP(A23,Personnel!$B$15:$L$107,3,FALSE),"") | J23: =IF(I23="",0,I23*D23) -> 0 | L23: =IF(K23="",0,K23*D23) -> 0 | M23: =IF(ISERR(F23+J23+L23),"",F23+J23+L23) -> 0 | P23: =IF(O23="",0,O23*D23) -> 0
A24: Matériel | F24: =IF(E24="",0,E24*D24) -> 0 | J24: =IF(I24="",0,I24*D24) -> 0 | L24: =IF(K24="",0,K24*D24) -> 0 | M24: =IF(ISERR(F24+J24+L24),"",F24+J24+L24) -> 0 | P24: =IF(O24="",0,O24*D24) -> 0
C25: =IF(A25<>"",VLOOKUP(A25,Materiel!$B$15:$J$124,9,FALSE),"") | D25: 1 | E25: =IF(A25<>"",VLOOKUP(A25,Materiel!$B$14:$M$410,8,FALSE),"") | F25: =IF(E25="",0,E25*D25) -> 0 | I25: =IF(A25<>"",VLOOKUP(A25,Materiel!$B$15:$L$110,10,FALSE),"") | J25: =IF(I25="",0,I25*D25) -> 0 | L25: =IF(K25="",0,K25*D25) -> 0 | M25: =IF(ISERR(F25+J25+L25),"",F25+J25+L25) -> 0 | P25: =IF(O25="",0,O25*D25) -> 0
C26: =IF(A26<>"",VLOOKUP(A26,Materiel!$B$15:$J$124,9,FALSE),"") | D26: 1 | E26: =IF(A26<>"",VLOOKUP(A26,Materiel!$B$14:$M$410,8,FALSE),"") | F26: =IF(E26="",0,E26*D26) -> 0 | I26: =IF(A26<>"",VLOOKUP(A26,Materiel!$B$15:$L$110,10,FALSE),"") | J26: =IF(I26="",0,I26*D26) -> 0 | L26: =IF(K26="",0,K26*D26) -> 0 | M26: =IF(ISERR(F26+J26+L26),"",F26+J26+L26) -> 0 | P26: =IF(O26="",0,O26*D26) -> 0
C27: =IF(A27<>"",VLOOKUP(A27,Materiel!$B$15:$J$124,9,FALSE),"") | D27: 3 | E27: =IF(A27<>"",VLOOKUP(A27,Materiel!$B$14:$M$410,8,FALSE),"") | F27: =IF(E27="",0,E27*D27) -> 0 | I27: =IF(A27<>"",VLOOKUP(A27,Materiel!$B$15:$L$110,10,FALSE),"") | J27: =IF(I27="",0,I27*D27) -> 0 | L27: =IF(K27="",0,K27*D27) -> 0 | M27: =IF(ISERR(F27+J27+L27),"",F27+J27+L27) -> 0 | P27: =IF(O27="",0,O27*D27) -> 0
C28: =IF(A28<>"",VLOOKUP(A28,Materiel!$B$15:$J$124,9,FALSE),"") | D28: 1 | E28: =IF(A28<>"",VLOOKUP(A28,Materiel!$B$14:$M$410,8,FALSE),"") | F28: =IF(E28="",0,E28*D28) -> 0 | I28: =IF(A28<>"",VLOOKUP(A28,Materiel!$B$15:$L$110,10,FALSE),"") | J28: =IF(I28="",0,I28*D28) -> 0 | L28: =IF(K28="",0,K28*D28) -> 0 | M28: =IF(ISERR(F28+J28+L28),"",F28+J28+L28) -> 0 | P28: =IF(O28="",0,O28*D28) -> 0
C29: =IF(A29<>"",VLOOKUP(A29,Materiel!$B$15:$J$124,9,FALSE),"") | E29: =IF(A29<>"",VLOOKUP(A29,Materiel!$B$14:$M$410,8,FALSE),"") | F29: =IF(E29="",0,E29*D29) -> 0 | I29: =IF(A29<>"",VLOOKUP(A29,Materiel!$B$15:$L$110,10,FALSE),"") | J29: =IF(I29="",0,I29*D29) -> 0 | L29: =IF(K29="",0,K29*D29) -> 0 | M29: =IF(ISERR(F29+J29+L29),"",F29+J29+L29) -> 0 | P29: =IF(O29="",0,O29*D29) -> 0
A30: Location | F30: =IF(E30="",0,E30*D30) -> 0 | J30: =IF(I30="",0,I30*D30) -> 0 | L30: =IF(K30="",0,K30*D30) -> 0 | M30: =IF(ISERR(F30+J30+L30),"",F30+J30+L30) -> 0 | P30: =IF(O30="",0,O30*D30) -> 0
C31: =IF(A31<>"",VLOOKUP(A31,Loc!$B$17:$J$114,2,FALSE),"") | F31: =IF(E31="",0,E31*D31) -> 0 | J31: =IF(I31="",0,I31*D31) -> 0 | K31: =IF(A31<>"",VLOOKUP(A31,Loc!$B$15:$D$50,3,FALSE),"") | L31: =IF(K31="",0,K31*D31) -> 0 | M31: =IF(ISERR(F31+J31+L31),"",F31+J31+L31) -> 0 | P31: =IF(O31="",0,O31*D31) -> 0
C32: =IF(A32<>"",VLOOKUP(A32,Loc!$B$17:$J$114,2,FALSE),"") | F32: =IF(E32="",0,E32*D32) -> 0 | J32: =IF(I32="",0,I32*D32) -> 0 | K32: =IF(A32<>"",VLOOKUP(A32,Loc!$B$15:$D$50,3,FALSE),"") | L32: =IF(K32="",0,K32*D32) -> 0 | M32: =IF(ISERR(F32+J32+L32),"",F32+J32+L32) -> 0 | P32: =IF(O32="",0,O32*D32) -> 0
C33: =IF(A33<>"",VLOOKUP(A33,Loc!$B$17:$J$114,2,FALSE),"") | F33: =IF(E33="",0,E33*D33) -> 0 | J33: =IF(I33="",0,I33*D33) -> 0 | K33: =IF(A33<>"",VLOOKUP(A33,Loc!$B$15:$D$50,3,FALSE),"") | L33: =IF(K33="",0,K33*D33) -> 0 | M33: =IF(ISERR(F33+J33+L33),"",F33+J33+L33) -> 0 | P33: =IF(O33="",0,O33*D33) -> 0
A34: Fournitures | F34: =IF(E34="",0,E34*D34) -> 0 | J34: =IF(I34="",0,I34*D34) -> 0 | L34: =IF(K34="",0,K34*D34) -> 0 | M34: =IF(ISERR(F34+J34+L34),"",F34+J34+L34) -> 0 | P34: =IF(O34="",0,O34*D34) -> 0
C35: =IF(A35<>"",VLOOKUP(A35,Fourn!$B$17:$D$114,2,FALSE),"") | F35: =IF(E35="",0,E35*D35) -> 0 | J35: =IF(I35="",0,I35*D35) -> 0 | K35: =IF(A35<>"",VLOOKUP(A35,Fourn!$B$17:$D$300,3,FALSE),"") | L35: =IF(K35="",0,K35*D35) -> 0 | M35: =IF(ISERR(F35+J35+L35),"",F35+J35+L35) -> 0 | P35: =IF(O35="",0,O35*D35) -> 0
C36: =IF(A36<>"",VLOOKUP(A36,Fourn!$B$17:$D$114,2,FALSE),"") | F36: =IF(E36="",0,E36*D36) -> 0 | J36: =IF(I36="",0,I36*D36) -> 0 | K36: =IF(A36<>"",VLOOKUP(A36,Fourn!$B$17:$D$300,3,FALSE),"") | L36: =IF(K36="",0,K36*D36) -> 0 | M36: =IF(ISERR(F36+J36+L36),"",F36+J36+L36) -> 0 | P36: =IF(O36="",0,O36*D36) -> 0
C37: =IF(A37<>"",VLOOKUP(A37,Fourn!$B$17:$D$114,2,FALSE),"") | F37: =IF(E37="",0,E37*D37) -> 0 | J37: =IF(I37="",0,I37*D37) -> 0 | K37: =IF(A37<>"",VLOOKUP(A37,Fourn!$B$17:$D$300,3,FALSE),"") | L37: =IF(K37="",0,K37*D37) -> 0 | M37: =IF(ISERR(F37+J37+L37),"",F37+J37+L37) -> 0 | P37: =IF(O37="",0,O37*D37) -> 0
C38: =IF(A38<>"",VLOOKUP(A38,Fourn!$B$17:$D$114,2,FALSE),"") | F38: =IF(E38="",0,E38*D38) -> 0 | J38: =IF(I38="",0,I38*D38) -> 0 | K38: =IF(A38<>"",VLOOKUP(A38,Fourn!$B$17:$D$300,3,FALSE),"") | L38: =IF(K38="",0,K38*D38) -> 0 | M38: =IF(ISERR(F38+J38+L38),"",F38+J38+L38) -> 0 | P38: =IF(O38="",0,O38*D38) -> 0
A39: Sous traitant | F39: =IF(E39="",0,E39*D39) -> 0 | J39: =IF(I39="",0,I39*D39) -> 0 | L39: =IF(K39="",0,K39*D39) -> 0 | M39: =IF(ISERR(F39+J39+L39),"",F39+J39+L39) -> 0 | P39: =IF(O39="",0,O39*D39) -> 0
F40: =IF(E40="",0,E40*D40) -> 0 | J40: =IF(I40="",0,I40*D40) -> 0 | L40: =IF(K40="",0,K40*D40) -> 0 | M40: =IF(ISERR(F40+J40+L40),"",F40+J40+L40) -> 0 | P40: =IF(O40="",0,O40*D40) -> 0
F41: =IF(E41="",0,E41*D41) -> 0 | J41: =IF(I41="",0,I41*D41) -> 0 | L41: =IF(K41="",0,K41*D41) -> 0 | M41: =IF(ISERR(F41+J41+L41),"",F41+J41+L41) -> 0 | P41: =IF(O41="",0,O41*D41) -> 0
F42: =IF(E42="",0,E42*D42) -> 0 | J42: =IF(I42="",0,I42*D42) -> 0 | L42: =IF(K42="",0,K42*D42) -> 0 | M42: =IF(ISERR(F42+J42+L42),"",F42+J42+L42) -> 0 | P42: =IF(O42="",0,O42*D42) -> 0
A43: DEBOURSES | E43: =SUM(F19:H42) -> 0 | I43: =SUM(J19:J42) -> 0 | K43: =SUM(L19:L42) -> 0 | M43: =SUM(M19:N42) -> 0 | O43: =SUM(P19:P42) -> 0
O44: TOTAL 4 : (T4) | P44: =O43 -> 0
A46: (1) Tous les prix sont hors TVA. | H46: TOTAL 1 : (T1) | J46: =M43/C19 -> 0 | O46: K4 : frais de sous-traitance de T4 | P46: =Coeff!H5 -> 0.18
A47: (2) A compléter pour les prix de bordereau uniquement.
O48: TOTAL 5 : (T5) = T4 (1 + K4/100) :
A49: (3) Si les taux appliqués aux fournitures, aux travaux sous-traités ou aux travaux exécutés par l'entrepreneur sont différents, les faire apparaître distinctement. | H49: K1 frais généraux de siège (3) | K49: =Coeff!J2 -> 0.18 | L49: du Total 1 | O49: =P44*(1+P46) -> 0
A50: (4) Si les frais généraux de chantier comprennent une part importante de matériel ou de frais d'installation de chantier, faire apparaître cette part distinctement et en donner la décomposition par nature de dépenses. | H50: K2 frais généraux de chantier (4) | K50: =Coeff!J3 -> 0.08 | L50: du Total 1 | O50: TOTAL GENERAL :
H51: K3 aléas et bénéfices | K51: =Coeff!J4 -> 0.05 | L51: du Total 2 | O51: (T3 + T5)
H52: TOTAL 2 (T2) = T1 (1 + K1/100 + K2/100) : | L52: =J46*(1+K49+K50) -> 0
A53: (5) L'entrepreneur fournit le sous-détail de prix du sous-traitant. | O53: =O49+L54 -> 0
H54: TOTAL 3 (T3) = T2 (1 + K3/100) : | L54: =L52*(1+K51) -> 0

Sheet 20C 11 400 00
M1: ANNEXE 1 AU BORDEREAU DE PRIX
A3: CADRE TYPE DE SOUS-DETAIL DE PRIX DE BORDEREAU
A5: Nom de l'entreprise : | C5: CHARIER TP
A6: Désignation du chantier : | C6: ='DE récap'!D1 -> 0 | I6: Désignation du prix : | J6: =C10 -> Terre végétale : Reprise sur stock et amenée à pied d œuvre de terre végétale | O6: Date d'établissement : | P6: ='DE récap'!F1 -> 0
A9: N° de prix : (2) | C9: =MID(CELL("nomfichier",C9),FIND("]",CELL("nomfichier",C9))+1,LEN(CELL("nomfichier",C9))-FIND("]",CELL("nomfichier",C9))) -> 20C 11 400 00
A10: Titre : | C10: =IF($C$9<>"",VLOOKUP($C$9,'DE récap'!$C$4:$F$151,2,FALSE),"") -> Terre végétale : Reprise sur stock et amenée à pied d œuvre de terre végétale | O10: Quantités au marché : | P10: =IF($C$9<>"",VLOOKUP($C$9,'DE récap'!$C$4:$F$25,4,FALSE),"") -> 180
O11: Unité de mesure : | P11: =IF($C$9<>"",VLOOKUP($C$9,'DE récap'!$C$4:$F$25,3,FALSE),"") -> m3
A12: Eléments de base du prix | E12: Décomposition du prix
D13: Quantités ou durées | E13: Matériel et matières | I13: Main-d’œuvre | K13: Fournitures | M13: TOTAL 1 | O13: Sous-traitants (2) et (5)
E14: fongibles | M14: (3 + 5 + 7)
A15: Désignation | C15: Unité rdmt | D15: d'utilisation élémentaires | E15: Prix | F15: Total | I15: Prix | J15: Total | K15: Prix | L15: Total | O15: Prix | P15: TOTAL 4 (1 x 9)
E16: unitaire | F16: (1 x 2) | I16: unitaire | J16: (1 x 4) | K16: unitaire | L16: (1 x 6) | O16: unitaire
D18: 1 | E18: 2 | F18: 3 | I18: 4 | J18: 5 | K18: 6 | L18: 7 | M18: 8 | O18: 9 | P18: 10
C19: 85
A20: Personnel
A21: Chef de Chantier | C21: =IF(A21<>"",VLOOKUP(A21,Personnel!$B$17:$D$121,2,FALSE),"") -> h | D21: 1 | F21: =IF(E21="",0,E21*D21) -> 0 | I21: =IF(A21<>"",VLOOKUP(A21,Personnel!$B$15:$L$107,3,FALSE),0) -> 75 | J21: =IF(I21="",0,I21*D21) -> 75 | L21: =IF(K21="",0,K21*D21) -> 0 | M21: =F21+J21+L21 -> 75 | P21: =IF(O21="",0,O21*D21) -> 0
C22: =IF(A22<>"",VLOOKUP(A22,Personnel!$B$17:$D$121,2,FALSE),"") | F22: =IF(E22="",0,E22*D22) -> 0 | I22: =IF(A22<>"",VLOOKUP(A22,Personnel!$B$15:$L$107,3,FALSE),"") | J22: =IF(I22="",0,I22*D22) -> 0 | L22: =IF(K22="",0,K22*D22) -> 0 | M22: =IF(ISERR(F22+J22+L22),"",F22+J22+L22) -> 0 | P22: =IF(O22="",0,O22*D22) -> 0
C23: =IF(A23<>"",VLOOKUP(A23,Personnel!$B$17:$D$121,2,FALSE),"") | F23: =IF(E23="",0,E23*D23) -> 0 | I23: =IF(A23<>"",VLOOKUP(A23,Personnel!$B$15:$L$107,3,FALSE),"") | J23: =IF(I23="",0,I23*D23) -> 0 | L23: =IF(K23="",0,K23*D23) -> 0 | M23: =IF(ISERR(F23+J23+L23),"",F23+J23+L23) -> 0 | P23: =IF(O23="",0,O23*D23) -> 0
A24: Matériel | F24: =IF(E24="",0,E24*D24) -> 0 | J24: =IF(I24="",0,I24*D24) -> 0 | L24: =IF(K24="",0,K24*D24) -> 0 | M24: =IF(ISERR(F24+J24+L24),"",F24+J24+L24) -> 0 | P24: =IF(O24="",0,O24*D24) -> 0
A25: Pelle 20T-25T GPS | C25: =IF(A25<>"",VLOOKUP(A25,Materiel!$B$15:$J$124,9,FALSE),"") -> h | D25: 1 | E25: =IF(A25<>"",VLOOKUP(A25,Materiel!$B$14:$M$410,8,FALSE),"") -> 62.05 | F25: =IF(E25="",0,E25*D25) -> 62.05 | I25: =IF(A25<>"",VLOOKUP(A25,Materiel!$B$15:$L$110,10,FALSE),"") -> 55 | J25: =IF(I25="",0,I25*D25) -> 55 | L25: =IF(K25="",0,K25*D25) -> 0 | M25: =IF(ISERR(F25+J25+L25),"",F25+J25+L25) -> 117.05 | P25: =IF(O25="",0,O25*D25) -> 0
A26: Tombereau 30T | C26: =IF(A26<>"",VLOOKUP(A26,Materiel!$B$15:$J$124,9,FALSE),"") -> h | D26: 2 | E26: =IF(A26<>"",VLOOKUP(A26,Materiel!$B$14:$M$410,8,FALSE),"") -> 81.98 | F26: =IF(E26="",0,E26*D26) -> 163.96 | I26: =IF(A26<>"",VLOOKUP(A26,Materiel!$B$15:$L$110,10,FALSE),"") -> 55 | J26: =IF(I26="",0,I26*D26) -> 110 | L26: =IF(K26="",0,K26*D26) -> 0 | M26: =IF(ISERR(F26+J26+L26),"",F26+J26+L26) -> 273.96 | P26: =IF(O26="",0,O26*D26) -> 0
C27: =IF(A27<>"",VLOOKUP(A27,Materiel!$B$15:$J$124,9,FALSE),"") | E27: =IF(A27<>"",VLOOKUP(A27,Materiel!$B$14:$M$410,8,FALSE),"") | F27: =IF(E27="",0,E27*D27) -> 0 | I27: =IF(A27<>"",VLOOKUP(A27,Materiel!$B$15:$L$110,10,FALSE),"") | J27: =IF(I27="",0,I27*D27) -> 0 | L27: =IF(K27="",0,K27*D27) -> 0 | M27: =IF(ISERR(F27+J27+L27),"",F27+J27+L27) -> 0 | P27: =IF(O27="",0,O27*D27) -> 0
C28: =IF(A28<>"",VLOOKUP(A28,Materiel!$B$15:$J$124,9,FALSE),"") | E28: =IF(A28<>"",VLOOKUP(A28,Materiel!$B$14:$M$410,8,FALSE),"") | F28: =IF(E28="",0,E28*D28) -> 0 | I28: =IF(A28<>"",VLOOKUP(A28,Materiel!$B$15:$L$110,10,FALSE),"") | J28: =IF(I28="",0,I28*D28) -> 0 | L28: =IF(K28="",0,K28*D28) -> 0 | M28: =IF(ISERR(F28+J28+L28),"",F28+J28+L28) -> 0 | P28: =IF(O28="",0,O28*D28) -> 0
C29: =IF(A29<>"",VLOOKUP(A29,Materiel!$B$15:$J$124,9,FALSE),"") | E29: =IF(A29<>"",VLOOKUP(A29,Materiel!$B$14:$M$410,8,FALSE),"") | F29: =IF(E29="",0,E29*D29) -> 0 | I29: =IF(A29<>"",VLOOKUP(A29,Materiel!$B$15:$L$110,10,FALSE),"") | J29: =IF(I29="",0,I29*D29) -> 0 | L29: =IF(K29="",0,K29*D29) -> 0 | M29: =IF(ISERR(F29+J29+L29),"",F29+J29+L29) -> 0 | P29: =IF(O29="",0,O29*D29) -> 0
A30: Location | F30: =IF(E30="",0,E30*D30) -> 0 | J30: =IF(I30="",0,I30*D30) -> 0 | L30: =IF(K30="",0,K30*D30) -> 0 | M30: =IF(ISERR(F30+J30+L30),"",F30+J30+L30) -> 0 | P30: =IF(O30="",0,O30*D30) -> 0
C31: =IF(A31<>"",VLOOKUP(A31,Loc!$B$17:$J$114,2,FALSE),"") | F31: =IF(E31="",0,E31*D31) -> 0 | J31: =IF(I31="",0,I31*D31) -> 0 | K31: =IF(A31<>"",VLOOKUP(A31,Loc!$B$15:$D$50,3,FALSE),"") | L31: =IF(K31="",0,K31*D31) -> 0 | M31: =IF(ISERR(F31+J31+L31),"",F31+J31+L31) -> 0 | P31: =IF(O31="",0,O31*D31) -> 0
C32: =IF(A32<>"",VLOOKUP(A32,Loc!$B$17:$J$114,2,FALSE),"") | F32: =IF(E32="",0,E32*D32) -> 0 | J32: =IF(I32="",0,I32*D32) -> 0 | K32: =IF(A32<>"",VLOOKUP(A32,Loc!$B$15:$D$50,3,FALSE),"") | L32: =IF(K32="",0,K32*D32) -> 0 | M32: =IF(ISERR(F32+J32+L32),"",F32+J32+L32) -> 0 | P32: =IF(O32="",0,O32*D32) -> 0
C33: =IF(A33<>"",VLOOKUP(A33,Loc!$B$17:$J$114,2,FALSE),"") | F33: =IF(E33="",0,E33*D33) -> 0 | J33: =IF(I33="",0,I33*D33) -> 0 | K33: =IF(A33<>"",VLOOKUP(A33,Loc!$B$15:$D$50,3,FALSE),"") | L33: =IF(K33="",0,K33*D33) -> 0 | M33: =IF(ISERR(F33+J33+L33),"",F33+J33+L33) -> 0 | P33: =IF(O33="",0,O33*D33) -> 0
A34: Fournitures | F34: =IF(E34="",0,E34*D34) -> 0 | J34: =IF(I34="",0,I34*D34) -> 0 | L34: =IF(K34="",0,K34*D34) -> 0 | M34: =IF(ISERR(F34+J34+L34),"",F34+J34+L34) -> 0 | P34: =IF(O34="",0,O34*D34) -> 0
C35: =IF(A35<>"",VLOOKUP(A35,Fourn!$B$17:$D$114,2,FALSE),"") | F35: =IF(E35="",0,E35*D35) -> 0 | J35: =IF(I35="",0,I35*D35) -> 0 | K35: =IF(A35<>"",VLOOKUP(A35,Fourn!$B$17:$D$300,3,FALSE),"") | L35: =IF(K35="",0,K35*D35) -> 0 | M35: =IF(ISERR(F35+J35+L35),"",F35+J35+L35) -> 0 | P35: =IF(O35="",0,O35*D35) -> 0
C36: =IF(A36<>"",VLOOKUP(A36,Fourn!$B$17:$D$114,2,FALSE),"") | F36: =IF(E36="",0,E36*D36) -> 0 | J36: =IF(I36="",0,I36*D36) -> 0 | K36: =IF(A36<>"",VLOOKUP(A36,Fourn!$B$17:$D$300,3,FALSE),"") | L36: =IF(K36="",0,K36*D36) -> 0 | M36: =IF(ISERR(F36+J36+L36),"",F36+J36+L36) -> 0 | P36: =IF(O36="",0,O36*D36) -> 0
C37: =IF(A37<>"",VLOOKUP(A37,Fourn!$B$17:$D$114,2,FALSE),"") | F37: =IF(E37="",0,E37*D37) -> 0 | J37: =IF(I37="",0,I37*D37) -> 0 | K37: =IF(A37<>"",VLOOKUP(A37,Fourn!$B$17:$D$300,3,FALSE),"") | L37: =IF(K37="",0,K37*D37) -> 0 | M37: =IF(ISERR(F37+J37+L37),"",F37+J37+L37) -> 0 | P37: =IF(O37="",0,O37*D37) -> 0
C38: =IF(A38<>"",VLOOKUP(A38,Fourn!$B$17:$D$114,2,FALSE),"") | F38: =IF(E38="",0,E38*D38) -> 0 | J38: =IF(I38="",0,I38*D38) -> 0 | K38: =IF(A38<>"",VLOOKUP(A38,Fourn!$B$17:$D$300,3,FALSE),"") | L38: =IF(K38="",0,K38*D38) -> 0 | M38: =IF(ISERR(F38+J38+L38),"",F38+J38+L38) -> 0 | P38: =IF(O38="",0,O38*D38) -> 0
A39: Sous traitant | F39: =IF(E39="",0,E39*D39) -> 0 | J39: =IF(I39="",0,I39*D39) -> 0 | L39: =IF(K39="",0,K39*D39) -> 0 | M39: =IF(ISERR(F39+J39+L39),"",F39+J39+L39) -> 0 | P39: =IF(O39="",0,O39*D39) -> 0
F40: =IF(E40="",0,E40*D40) -> 0 | J40: =IF(I40="",0,I40*D40) -> 0 | L40: =IF(K40="",0,K40*D40) -> 0 | M40: =IF(ISERR(F40+J40+L40),"",F40+J40+L40) -> 0 | P40: =IF(O40="",0,O40*D40) -> 0
F41: =IF(E41="",0,E41*D41) -> 0 | J41: =IF(I41="",0,I41*D41) -> 0 | L41: =IF(K41="",0,K41*D41) -> 0 | M41: =IF(ISERR(F41+J41+L41),"",F41+J41+L41) -> 0 | P41: =IF(O41="",0,O41*D41) -> 0
F42: =IF(E42="",0,E42*D42) -> 0 | J42: =IF(I42="",0,I42*D42) -> 0 | L42: =IF(K42="",0,K42*D42) -> 0 | M42: =IF(ISERR(F42+J42+L42),"",F42+J42+L42) -> 0 | P42: =IF(O42="",0,O42*D42) -> 0
A43: DEBOURSES | E43: =SUM(F19:H42) -> 226.01 | I43: =SUM(J19:J42) -> 240 | K43: =SUM(L19:L42) -> 0 | M43: =SUM(M19:N42) -> 466.01 | O43: =SUM(P19:P42) -> 0
O44: TOTAL 4 : (T4) | P44: =O43 -> 0
A46: (1) Tous les prix sont hors TVA. | H46: TOTAL 1 : (T1) | J46: =M43/C19 -> 5.4824706 | O46: K4 : frais de sous-traitance de T4 | P46: =Coeff!H5 -> 0.18
A47: (2) A compléter pour les prix de bordereau uniquement.
O48: TOTAL 5 : (T5) = T4 (1 + K4/100) :
A49: (3) Si les taux appliqués aux fournitures, aux travaux sous-traités ou aux travaux exécutés par l'entrepreneur sont différents, les faire apparaître distinctement. | H49: K1 frais généraux de siège (3) | K49: =Coeff!J2 -> 0.18 | L49: du Total 1 | O49: =P44*(1+P46) -> 0
A50: (4) Si les frais généraux de chantier comprennent une part importante de matériel ou de frais d'installation de chantier, faire apparaître cette part distinctement et en donner la décomposition par nature de dépenses. | H50: K2 frais généraux de chantier (4) | K50: =Coeff!J3 -> 0.08 | L50: du Total 1 | O50: TOTAL GENERAL :
H51: K3 aléas et bénéfices | K51: =Coeff!J4 -> 0.05 | L51: du Total 2 | O51: (T3 + T5)
H52: TOTAL 2 (T2) = T1 (1 + K1/100 + K2/100) : | L52: =J46*(1+K49+K50) -> 6.9079129
A53: (5) L'entrepreneur fournit le sous-détail de prix du sous-traitant. | O53: =O49+L54 -> 7.2533086
H54: TOTAL 3 (T3) = T2 (1 + K3/100) : | L54: =L52*(1+K51) -> 7.2533086

Sheet modele (3)
M1: ANNEXE 1 AU BORDEREAU DE PRIX
A3: CADRE TYPE DE SOUS-DETAIL DE PRIX DE BORDEREAU
A5: Nom de l'entreprise : | C5: CHARIER TP
A6: Désignation du chantier : | C6: ='DE récap'!D1 -> 0 | I6: Désignation du prix : | J6: =C10 -> #N/A | O6: Date d'établissement : | P6: ='DE récap'!F1 -> 0
A9: N° de prix : (2) | C9: =MID(CELL("nomfichier",C9),FIND("]",CELL("nomfichier",C9))+1,LEN(CELL("nomfichier",C9))-FIND("]",CELL("nomfichier",C9))) -> modele (3)
A10: Titre : | C10: =IF($C$9<>"",VLOOKUP($C$9,'DE récap'!$C$4:$F$151,2,FALSE),"") -> #N/A | O10: Quantités au marché : | P10: =IF($C$9<>"",VLOOKUP($C$9,'DE récap'!$C$4:$F$25,4,FALSE),"") -> #N/A
O11: Unité de mesure : | P11: =IF($C$9<>"",VLOOKUP($C$9,'DE récap'!$C$4:$F$25,3,FALSE),"") -> #N/A
A12: Eléments de base du prix | E12: Décomposition du prix
D13: Quantités ou durées | E13: Matériel et matières | I13: Main-d’œuvre | K13: Fournitures | M13: TOTAL 1 | O13: Sous-traitants (2) et (5)
E14: fongibles | M14: (3 + 5 + 7)
A15: Désignation | C15: Unité rdmt | D15: d'utilisation élémentaires | E15: Prix | F15: Total | I15: Prix | J15: Total | K15: Prix | L15: Total | O15: Prix | P15: TOTAL 4 (1 x 9)
E16: unitaire | F16: (1 x 2) | I16: unitaire | J16: (1 x 4) | K16: unitaire | L16: (1 x 6) | O16: unitaire
D18: 1 | E18: 2 | F18: 3 | I18: 4 | J18: 5 | K18: 6 | L18: 7 | M18: 8 | O18: 9 | P18: 10
C19: 0 | D19: =IF($C$9<>"",VLOOKUP($C$9,'DE récap'!$C$4:$F$25,4,FALSE),"") -> #N/A
A20: Personnel
C21: =IF(A21<>"",VLOOKUP(A21,Personnel!$B$17:$D$121,2,FALSE),"") | F21: =IF(E21="",0,E21*D21) -> 0 | I21: =IF(A21<>"",VLOOKUP(A21,Personnel!$B$15:$L$107,3,FALSE),0) -> 0 | J21: =IF(I21="",0,I21*D21) -> 0 | L21: =IF(K21="",0,K21*D21) -> 0 | M21: =F21+J21+L21 -> 0 | P21: =IF(O21="",0,O21*D21) -> 0
C22: =IF(A22<>"",VLOOKUP(A22,Personnel!$B$17:$D$121,2,FALSE),"") | F22: =IF(E22="",0,E22*D22) -> 0 | I22: =IF(A22<>"",VLOOKUP(A22,Personnel!$B$15:$L$107,3,FALSE),"") | J22: =IF(I22="",0,I22*D22) -> 0 | L22: =IF(K22="",0,K22*D22) -> 0 | M22: =IF(ISERR(F22+J22+L22),"",F22+J22+L22) -> 0 | P22: =IF(O22="",0,O22*D22) -> 0
C23: =IF(A23<>"",VLOOKUP(A23,Personnel!$B$17:$D$121,2,FALSE),"") | F23: =IF(E23="",0,E23*D23) -> 0 | I23: =IF(A23<>"",VLOOKUP(A23,Personnel!$B$15:$L$107,3,FALSE),"") | J23: =IF(I23="",0,I23*D23) -> 0 | L23: =IF(K23="",0,K23*D23) -> 0 | M23: =IF(ISERR(F23+J23+L23),"",F23+J23+L23) -> 0 | P23: =IF(O23="",0,O23*D23) -> 0
A24: Matériel | F24: =IF(E24="",0,E24*D24) -> 0 | J24: =IF(I24="",0,I24*D24) -> 0 | L24: =IF(K24="",0,K24*D24) -> 0 | M24: =IF(ISERR(F24+J24+L24),"",F24+J24+L24) -> 0 | P24: =IF(O24="",0,O24*D24) -> 0
C25: =IF(A25<>"",VLOOKUP(A25,Materiel!$B$15:$J$124,9,FALSE),"") | E25: =IF(A25<>"",VLOOKUP(A25,Materiel!$B$14:$M$410,8,FALSE),"") | F25: =IF(E25="",0,E25*D25) -> 0 | I25: =IF(A25<>"",VLOOKUP(A25,Materiel!$B$15:$L$110,10,FALSE),"") | J25: =IF(I25="",0,I25*D25) -> 0 | L25: =IF(K25="",0,K25*D25) -> 0 | M25: =IF(ISERR(F25+J25+L25),"",F25+J25+L25) -> 0 | P25: =IF(O25="",0,O25*D25) -> 0
C26: =IF(A26<>"",VLOOKUP(A26,Materiel!$B$15:$J$124,9,FALSE),"") | E26: =IF(A26<>"",VLOOKUP(A26,Materiel!$B$14:$M$410,8,FALSE),"") | F26: =IF(E26="",0,E26*D26) -> 0 | I26: =IF(A26<>"",VLOOKUP(A26,Materiel!$B$15:$L$110,10,FALSE),"") | J26: =IF(I26="",0,I26*D26) -> 0 | L26: =IF(K26="",0,K26*D26) -> 0 | M26: =IF(ISERR(F26+J26+L26),"",F26+J26+L26) -> 0 | P26: =IF(O26="",0,O26*D26) -> 0
C27: =IF(A27<>"",VLOOKUP(A27,Materiel!$B$15:$J$124,9,FALSE),"") | E27: =IF(A27<>"",VLOOKUP(A27,Materiel!$B$14:$M$410,8,FALSE),"") | F27: =IF(E27="",0,E27*D27) -> 0 | I27: =IF(A27<>"",VLOOKUP(A27,Materiel!$B$15:$L$110,10,FALSE),"") | J27: =IF(I27="",0,I27*D27) -> 0 | L27: =IF(K27="",0,K27*D27) -> 0 | M27: =IF(ISERR(F27+J27+L27),"",F27+J27+L27) -> 0 | P27: =IF(O27="",0,O27*D27) -> 0
C28: =IF(A28<>"",VLOOKUP(A28,Materiel!$B$15:$J$124,9,FALSE),"") | E28: =IF(A28<>"",VLOOKUP(A28,Materiel!$B$14:$M$410,8,FALSE),"") | F28: =IF(E28="",0,E28*D28) -> 0 | I28: =IF(A28<>"",VLOOKUP(A28,Materiel!$B$15:$L$110,10,FALSE),"") | J28: =IF(I28="",0,I28*D28) -> 0 | L28: =IF(K28="",0,K28*D28) -> 0 | M28: =IF(ISERR(F28+J28+L28),"",F28+J28+L28) -> 0 | P28: =IF(O28="",0,O28*D28) -> 0
C29: =IF(A29<>"",VLOOKUP(A29,Materiel!$B$15:$J$124,9,FALSE),"") | E29: =IF(A29<>"",VLOOKUP(A29,Materiel!$B$14:$M$410,8,FALSE),"") | F29: =IF(E29="",0,E29*D29) -> 0 | I29: =IF(A29<>"",VLOOKUP(A29,Materiel!$B$15:$L$110,10,FALSE),"") | J29: =IF(I29="",0,I29*D29) -> 0 | L29: =IF(K29="",0,K29*D29) -> 0 | M29: =IF(ISERR(F29+J29+L29),"",F29+J29+L29) -> 0 | P29: =IF(O29="",0,O29*D29) -> 0
A30: Location | F30: =IF(E30="",0,E30*D30) -> 0 | J30: =IF(I30="",0,I30*D30) -> 0 | L30: =IF(K30="",0,K30*D30) -> 0 | M30: =IF(ISERR(F30+J30+L30),"",F30+J30+L30) -> 0 | P30: =IF(O30="",0,O30*D30) -> 0
C31: =IF(A31<>"",VLOOKUP(A31,Loc!$B$17:$J$114,2,FALSE),"") | F31: =IF(E31="",0,E31*D31) -> 0 | J31: =IF(I31="",0,I31*D31) -> 0 | K31: =IF(A31<>"",VLOOKUP(A31,Loc!$B$15:$D$50,3,FALSE),"") | L31: =IF(K31="",0,K31*D31) -> 0 | M31: =IF(ISERR(F31+J31+L31),"",F31+J31+L31) -> 0 | P31: =IF(O31="",0,O31*D31) -> 0
C32: =IF(A32<>"",VLOOKUP(A32,Loc!$B$17:$J$114,2,FALSE),"") | F32: =IF(E32="",0,E32*D32) -> 0 | J32: =IF(I32="",0,I32*D32) -> 0 | K32: =IF(A32<>"",VLOOKUP(A32,Loc!$B$15:$D$50,3,FALSE),"") | L32: =IF(K32="",0,K32*D32) -> 0 | M32: =IF(ISERR(F32+J32+L32),"",F32+J32+L32) -> 0 | P32: =IF(O32="",0,O32*D32) -> 0
C33: =IF(A33<>"",VLOOKUP(A33,Loc!$B$17:$J$114,2,FALSE),"") | F33: =IF(E33="",0,E33*D33) -> 0 | J33: =IF(I33="",0,I33*D33) -> 0 | K33: =IF(A33<>"",VLOOKUP(A33,Loc!$B$15:$D$50,3,FALSE),"") | L33: =IF(K33="",0,K33*D33) -> 0 | M33: =IF(ISERR(F33+J33+L33),"",F33+J33+L33) -> 0 | P33: =IF(O33="",0,O33*D33) -> 0
A34: Fournitures | F34: =IF(E34="",0,E34*D34) -> 0 | J34: =IF(I34="",0,I34*D34) -> 0 | L34: =IF(K34="",0,K34*D34) -> 0 | M34: =IF(ISERR(F34+J34+L34),"",F34+J34+L34) -> 0 | P34: =IF(O34="",0,O34*D34) -> 0
C35: =IF(A35<>"",VLOOKUP(A35,Fourn!$B$17:$D$114,2,FALSE),"") | F35: =IF(E35="",0,E35*D35) -> 0 | J35: =IF(I35="",0,I35*D35) -> 0 | K35: =IF(A35<>"",VLOOKUP(A35,Fourn!$B$17:$D$300,3,FALSE),"") | L35: =IF(K35="",0,K35*D35) -> 0 | M35: =IF(ISERR(F35+J35+L35),"",F35+J35+L35) -> 0 | P35: =IF(O35="",0,O35*D35) -> 0
C36: =IF(A36<>"",VLOOKUP(A36,Fourn!$B$17:$D$114,2,FALSE),"") | F36: =IF(E36="",0,E36*D36) -> 0 | J36: =IF(I36="",0,I36*D36) -> 0 | K36: =IF(A36<>"",VLOOKUP(A36,Fourn!$B$17:$D$300,3,FALSE),"") | L36: =IF(K36="",0,K36*D36) -> 0 | M36: =IF(ISERR(F36+J36+L36),"",F36+J36+L36) -> 0 | P36: =IF(O36="",0,O36*D36) -> 0
C37: =IF(A37<>"",VLOOKUP(A37,Fourn!$B$17:$D$114,2,FALSE),"") | F37: =IF(E37="",0,E37*D37) -> 0 | J37: =IF(I37="",0,I37*D37) -> 0 | K37: =IF(A37<>"",VLOOKUP(A37,Fourn!$B$17:$D$300,3,FALSE),"") | L37: =IF(K37="",0,K37*D37) -> 0 | M37: =IF(ISERR(F37+J37+L37),"",F37+J37+L37) -> 0 | P37: =IF(O37="",0,O37*D37) -> 0
C38: =IF(A38<>"",VLOOKUP(A38,Fourn!$B$17:$D$114,2,FALSE),"") | F38: =IF(E38="",0,E38*D38) -> 0 | J38: =IF(I38="",0,I38*D38) -> 0 | K38: =IF(A38<>"",VLOOKUP(A38,Fourn!$B$17:$D$300,3,FALSE),"") | L38: =IF(K38="",0,K38*D38) -> 0 | M38: =IF(ISERR(F38+J38+L38),"",F38+J38+L38) -> 0 | P38: =IF(O38="",0,O38*D38) -> 0
A39: Sous traitant | F39: =IF(E39="",0,E39*D39) -> 0 | J39: =IF(I39="",0,I39*D39) -> 0 | L39: =IF(K39="",0,K39*D39) -> 0 | M39: =IF(ISERR(F39+J39+L39),"",F39+J39+L39) -> 0 | P39: =IF(O39="",0,O39*D39) -> 0
F40: =IF(E40="",0,E40*D40) -> 0 | J40: =IF(I40="",0,I40*D40) -> 0 | L40: =IF(K40="",0,K40*D40) -> 0 | M40: =IF(ISERR(F40+J40+L40),"",F40+J40+L40) -> 0 | P40: =IF(O40="",0,O40*D40) -> 0
F41: =IF(E41="",0,E41*D41) -> 0 | J41: =IF(I41="",0,I41*D41) -> 0 | L41: =IF(K41="",0,K41*D41) -> 0 | M41: =IF(ISERR(F41+J41+L41),"",F41+J41+L41) -> 0 | P41: =IF(O41="",0,O41*D41) -> 0
F42: =IF(E42="",0,E42*D42) -> 0 | J42: =IF(I42="",0,I42*D42) -> 0 | L42: =IF(K42="",0,K42*D42) -> 0 | M42: =IF(ISERR(F42+J42+L42),"",F42+J42+L42) -> 0 | P42: =IF(O42="",0,O42*D42) -> 0
A43: DEBOURSES | E43: =SUM(F19:H42) -> 0 | I43: =SUM(J19:J42) -> 0 | K43: =SUM(L19:L42) -> 0 | M43: =SUM(M19:N42) -> 0 | O43: =SUM(P19:P42) -> 0
O44: TOTAL 4 : (T4) | P44: =O43 -> 0
A46: (1) Tous les prix sont hors TVA. | H46: TOTAL 1 : (T1) | J46: =M43 -> 0 | O46: K4 : frais de sous-traitance de T4 | P46: =Coeff!H5 -> 0.18
A47: (2) A compléter pour les prix de bordereau uniquement.
O48: TOTAL 5 : (T5) = T4 (1 + K4/100) :
A49: (3) Si les taux appliqués aux fournitures, aux travaux sous-traités ou aux travaux exécutés par l'entrepreneur sont différents, les faire apparaître distinctement. | H49: K1 frais généraux de siège (3) | K49: =Coeff!J2 -> 0.18 | L49: du Total 1 | O49: =P44*(1+P46) -> 0
A50: (4) Si les frais généraux de chantier comprennent une part importante de matériel ou de frais d'installation de chantier, faire apparaître cette part distinctement et en donner la décomposition par nature de dépenses. | H50: K2 frais généraux de chantier (4) | K50: =Coeff!J3 -> 0.08 | L50: du Total 1 | O50: TOTAL GENERAL :
H51: K3 aléas et bénéfices | K51: =Coeff!J4 -> 0.05 | L51: du Total 2 | O51: (T3 + T5)
H52: TOTAL 2 (T2) = T1 (1 + K1/100 + K2/100) : | L52: =J46*(1+K49+K50) -> 0
A53: (5) L'entrepreneur fournit le sous-détail de prix du sous-traitant. | O53: =O49+L54 -> 0
H54: TOTAL 3 (T3) = T2 (1 + K3/100) : | L54: =L52*(1+K51) -> 0

Sheet COEX1det
A1: N° Prix | B1: Qté | C1: PU | D1: MT
A2: 1 | B2: =IF(ISTEXT(('DE récap'!P_1_1 'DE récap'!Qté)),0,('DE récap'!P_1_1 'DE récap'!Qté)) -> #NAME? | C2: =('DE récap'!P_1_1 'DE récap'!PU) -> #NAME? | D2: =IF(ISTEXT(('DE récap'!P_1_1 'DE récap'!MT)),0,('DE récap'!P_1_1 'DE récap'!MT)) -> #NAME?
A3: 2 | B3: =IF(ISTEXT(('DE récap'!P_1_2 'DE récap'!Qté)),0,('DE récap'!P_1_2 'DE récap'!Qté)) -> #NAME? | C3: =('DE récap'!P_1_2 'DE récap'!PU) -> #NAME? | D3: =IF(ISTEXT(('DE récap'!P_1_2 'DE récap'!MT)),0,('DE récap'!P_1_2 'DE récap'!MT)) -> #NAME?
A4: 3 | B4: =IF(ISTEXT(('DE récap'!P_1_3 'DE récap'!Qté)),0,('DE récap'!P_1_3 'DE récap'!Qté)) -> #NAME? | C4: =('DE récap'!P_1_3 'DE récap'!PU) -> #NAME? | D4: =IF(ISTEXT(('DE récap'!P_1_3 'DE récap'!MT)),0,('DE récap'!P_1_3 'DE récap'!MT)) -> #NAME?
A5: 4 | B5: =IF(ISTEXT(('DE récap'!P_1_4 'DE récap'!Qté)),0,('DE récap'!P_1_4 'DE récap'!Qté)) -> #NAME? | C5: =('DE récap'!P_1_4 'DE récap'!PU) -> #NAME? | D5: =IF(ISTEXT(('DE récap'!P_1_4 'DE récap'!MT)),0,('DE récap'!P_1_4 'DE récap'!MT)) -> #NAME?
A6: 5 | B6: =IF(ISTEXT(('DE récap'!P_1_5 'DE récap'!Qté)),0,('DE récap'!P_1_5 'DE récap'!Qté)) -> #NAME? | C6: =('DE récap'!P_1_5 'DE récap'!PU) -> #NAME? | D6: =IF(ISTEXT(('DE récap'!P_1_5 'DE récap'!MT)),0,('DE récap'!P_1_5 'DE récap'!MT)) -> #NAME?
A7: 6 | B7: =IF(ISTEXT(('DE récap'!P_1_6 'DE récap'!Qté)),0,('DE récap'!P_1_6 'DE récap'!Qté)) -> #NAME? | C7: =('DE récap'!P_1_6 'DE récap'!PU) -> #NAME? | D7: =IF(ISTEXT(('DE récap'!P_1_6 'DE récap'!MT)),0,('DE récap'!P_1_6 'DE récap'!MT)) -> #NAME?
A8: 7 | B8: =IF(ISTEXT(('DE récap'!P_1_7 'DE récap'!Qté)),0,('DE récap'!P_1_7 'DE récap'!Qté)) -> #NAME? | C8: =('DE récap'!P_1_7 'DE récap'!PU) -> #NAME? | D8: =IF(ISTEXT(('DE récap'!P_1_7 'DE récap'!MT)),0,('DE récap'!P_1_7 'DE récap'!MT)) -> #NAME?
A9: 8 | B9: =IF(ISTEXT(('DE récap'!P_1_8 'DE récap'!Qté)),0,('DE récap'!P_1_8 'DE récap'!Qté)) -> #NAME? | C9: =('DE récap'!P_1_8 'DE récap'!PU) -> #NAME? | D9: =IF(ISTEXT(('DE récap'!P_1_8 'DE récap'!MT)),0,('DE récap'!P_1_8 'DE récap'!MT)) -> #NAME?
A10: 9 | B10: =IF(ISTEXT(('DE récap'!P_1_9 'DE récap'!Qté)),0,('DE récap'!P_1_9 'DE récap'!Qté)) -> #NAME? | C10: =('DE récap'!P_1_9 'DE récap'!PU) -> #NAME? | D10: =IF(ISTEXT(('DE récap'!P_1_9 'DE récap'!MT)),0,('DE récap'!P_1_9 'DE récap'!MT)) -> #NAME?
A11: 10 | B11: =IF(ISTEXT(('DE récap'!P_1_10 'DE récap'!Qté)),0,('DE récap'!P_1_10 'DE récap'!Qté)) -> #NAME? | C11: =('DE récap'!P_1_10 'DE récap'!PU) -> #NAME? | D11: =IF(ISTEXT(('DE récap'!P_1_10 'DE récap'!MT)),0,('DE récap'!P_1_10 'DE récap'!MT)) -> #NAME?
A12: 11 | B12: =IF(ISTEXT(('DE récap'!P_1_11 'DE récap'!Qté)),0,('DE récap'!P_1_11 'DE récap'!Qté)) -> #NAME? | C12: =('DE récap'!P_1_11 'DE récap'!PU) -> #NAME? | D12: =IF(ISTEXT(('DE récap'!P_1_11 'DE récap'!MT)),0,('DE récap'!P_1_11 'DE récap'!MT)) -> #NAME?
A13: 12 | B13: =IF(ISTEXT(('DE récap'!P_1_12 'DE récap'!Qté)),0,('DE récap'!P_1_12 'DE récap'!Qté)) -> #NAME? | C13: =('DE récap'!P_1_12 'DE récap'!PU) -> #NAME? | D13: =IF(ISTEXT(('DE récap'!P_1_12 'DE récap'!MT)),0,('DE récap'!P_1_12 'DE récap'!MT)) -> #NAME?
A14: 13 | B14: =IF(ISTEXT(('DE récap'!P_1_13 'DE récap'!Qté)),0,('DE récap'!P_1_13 'DE récap'!Qté)) -> #NAME? | C14: =('DE récap'!P_1_13 'DE récap'!PU) -> #NAME? | D14: =IF(ISTEXT(('DE récap'!P_1_13 'DE récap'!MT)),0,('DE récap'!P_1_13 'DE récap'!MT)) -> #NAME?
A15: 14 | B15: =IF(ISTEXT(('DE récap'!P_1_14 'DE récap'!Qté)),0,('DE récap'!P_1_14 'DE récap'!Qté)) -> #NAME? | C15: =('DE récap'!P_1_14 'DE récap'!PU) -> #NAME? | D15: =IF(ISTEXT(('DE récap'!P_1_14 'DE récap'!MT)),0,('DE récap'!P_1_14 'DE récap'!MT)) -> #NAME?
A16: 15 | B16: =IF(ISTEXT(('DE récap'!P_1_15 'DE récap'!Qté)),0,('DE récap'!P_1_15 'DE récap'!Qté)) -> #NAME? | C16: =('DE récap'!P_1_15 'DE récap'!PU) -> #NAME? | D16: =IF(ISTEXT(('DE récap'!P_1_15 'DE récap'!MT)),0,('DE récap'!P_1_15 'DE récap'!MT)) -> #NAME?
A17: 16 | B17: =IF(ISTEXT(('DE récap'!P_1_16 'DE récap'!Qté)),0,('DE récap'!P_1_16 'DE récap'!Qté)) -> #NAME? | C17: =('DE récap'!P_1_16 'DE récap'!PU) -> #NAME? | D17: =IF(ISTEXT(('DE récap'!P_1_16 'DE récap'!MT)),0,('DE récap'!P_1_16 'DE récap'!MT)) -> #NAME?
A18: 17 | B18: =IF(ISTEXT(('DE récap'!P_1_17 'DE récap'!Qté)),0,('DE récap'!P_1_17 'DE récap'!Qté)) -> #NAME? | C18: =('DE récap'!P_1_17 'DE récap'!PU) -> #NAME? | D18: =IF(ISTEXT(('DE récap'!P_1_17 'DE récap'!MT)),0,('DE récap'!P_1_17 'DE récap'!MT)) -> #NAME?
A19: 18 | B19: =IF(ISTEXT(('DE récap'!P_1_18 'DE récap'!Qté)),0,('DE récap'!P_1_18 'DE récap'!Qté)) -> #NAME? | C19: =('DE récap'!P_1_18 'DE récap'!PU) -> #NAME? | D19: =IF(ISTEXT(('DE récap'!P_1_18 'DE récap'!MT)),0,('DE récap'!P_1_18 'DE récap'!MT)) -> #NAME?
A20: 19 | B20: =IF(ISTEXT(('DE récap'!P_1_19 'DE récap'!Qté)),0,('DE récap'!P_1_19 'DE récap'!Qté)) -> #NAME? | C20: =('DE récap'!P_1_19 'DE récap'!PU) -> #NAME? | D20: =IF(ISTEXT(('DE récap'!P_1_19 'DE récap'!MT)),0,('DE récap'!P_1_19 'DE récap'!MT)) -> #NAME?
A21: 20 | B21: =IF(ISTEXT(('DE récap'!P_1_20 'DE récap'!Qté)),0,('DE récap'!P_1_20 'DE récap'!Qté)) -> #NAME? | C21: =('DE récap'!P_1_20 'DE récap'!PU) -> #NAME? | D21: =IF(ISTEXT(('DE récap'!P_1_20 'DE récap'!MT)),0,('DE récap'!P_1_20 'DE récap'!MT)) -> #NAME?
A22: 21 | B22: =IF(ISTEXT(('DE récap'!P_1_21 'DE récap'!Qté)),0,('DE récap'!P_1_21 'DE récap'!Qté)) -> #NAME? | C22: =('DE récap'!P_1_21 'DE récap'!PU) -> #NAME? | D22: =IF(ISTEXT(('DE récap'!P_1_21 'DE récap'!MT)),0,('DE récap'!P_1_21 'DE récap'!MT)) -> #NAME?
A23: 22 | B23: =IF(ISTEXT(('DE récap'!P_1_22 'DE récap'!Qté)),0,('DE récap'!P_1_22 'DE récap'!Qté)) -> #NAME? | C23: =('DE récap'!P_1_22 'DE récap'!PU) -> #NAME? | D23: =IF(ISTEXT(('DE récap'!P_1_22 'DE récap'!MT)),0,('DE récap'!P_1_22 'DE récap'!MT)) -> #NAME?
A24: 23 | B24: =IF(ISTEXT(('DE récap'!P_1_23 'DE récap'!Qté)),0,('DE récap'!P_1_23 'DE récap'!Qté)) -> #NAME? | C24: =('DE récap'!P_1_23 'DE récap'!PU) -> #NAME? | D24: =IF(ISTEXT(('DE récap'!P_1_23 'DE récap'!MT)),0,('DE récap'!P_1_23 'DE récap'!MT)) -> #NAME?
A25: 24 | B25: =IF(ISTEXT(('DE récap'!P_1_24 'DE récap'!Qté)),0,('DE récap'!P_1_24 'DE récap'!Qté)) -> #NAME? | C25: =('DE récap'!P_1_24 'DE récap'!PU) -> #NAME? | D25: =IF(ISTEXT(('DE récap'!P_1_24 'DE récap'!MT)),0,('DE récap'!P_1_24 'DE récap'!MT)) -> #NAME?
A26: 25 | B26: =IF(ISTEXT(('DE récap'!P_1_25 'DE récap'!Qté)),0,('DE récap'!P_1_25 'DE récap'!Qté)) -> #NAME? | C26: =('DE récap'!P_1_25 'DE récap'!PU) -> #NAME? | D26: =IF(ISTEXT(('DE récap'!P_1_25 'DE récap'!MT)),0,('DE récap'!P_1_25 'DE récap'!MT)) -> #NAME?
A27: 26 | B27: =IF(ISTEXT(('DE récap'!P_1_26 'DE récap'!Qté)),0,('DE récap'!P_1_26 'DE récap'!Qté)) -> #NAME? | C27: =('DE récap'!P_1_26 'DE récap'!PU) -> #NAME? | D27: =IF(ISTEXT(('DE récap'!P_1_26 'DE récap'!MT)),0,('DE récap'!P_1_26 'DE récap'!MT)) -> #NAME?
A28: 27 | B28: =IF(ISTEXT(('DE récap'!P_1_27 'DE récap'!Qté)),0,('DE récap'!P_1_27 'DE récap'!Qté)) -> #NAME? | C28: =('DE récap'!P_1_27 'DE récap'!PU) -> #NAME? | D28: =IF(ISTEXT(('DE récap'!P_1_27 'DE récap'!MT)),0,('DE récap'!P_1_27 'DE récap'!MT)) -> #NAME?
A29: 28 | B29: =IF(ISTEXT(('DE récap'!P_1_28 'DE récap'!Qté)),0,('DE récap'!P_1_28 'DE récap'!Qté)) -> #NAME? | C29: =('DE récap'!P_1_28 'DE récap'!PU) -> #NAME? | D29: =IF(ISTEXT(('DE récap'!P_1_28 'DE récap'!MT)),0,('DE récap'!P_1_28 'DE récap'!MT)) -> #NAME?
A30: 29 | B30: =IF(ISTEXT(('DE récap'!P_1_29 'DE récap'!Qté)),0,('DE récap'!P_1_29 'DE récap'!Qté)) -> #NAME? | C30: =('DE récap'!P_1_29 'DE récap'!PU) -> #NAME? | D30: =IF(ISTEXT(('DE récap'!P_1_29 'DE récap'!MT)),0,('DE récap'!P_1_29 'DE récap'!MT)) -> #NAME?
A31: 30 | B31: =IF(ISTEXT(('DE récap'!P_1_30 'DE récap'!Qté)),0,('DE récap'!P_1_30 'DE récap'!Qté)) -> #NAME? | C31: =('DE récap'!P_1_30 'DE récap'!PU) -> #NAME? | D31: =IF(ISTEXT(('DE récap'!P_1_30 'DE récap'!MT)),0,('DE récap'!P_1_30 'DE récap'!MT)) -> #NAME?
A32: 31 | B32: =IF(ISTEXT(('DE récap'!P_1_31 'DE récap'!Qté)),0,('DE récap'!P_1_31 'DE récap'!Qté)) -> #NAME? | C32: =('DE récap'!P_1_31 'DE récap'!PU) -> #NAME? | D32: =IF(ISTEXT(('DE récap'!P_1_31 'DE récap'!MT)),0,('DE récap'!P_1_31 'DE récap'!MT)) -> #NAME?
A33: 32 | B33: =IF(ISTEXT(('DE récap'!P_1_32 'DE récap'!Qté)),0,('DE récap'!P_1_32 'DE récap'!Qté)) -> #NAME? | C33: =('DE récap'!P_1_32 'DE récap'!PU) -> #NAME? | D33: =IF(ISTEXT(('DE récap'!P_1_32 'DE récap'!MT)),0,('DE récap'!P_1_32 'DE récap'!MT)) -> #NAME?
A34: 33 | B34: =IF(ISTEXT(('DE récap'!P_1_33 'DE récap'!Qté)),0,('DE récap'!P_1_33 'DE récap'!Qté)) -> #NAME? | C34: =('DE récap'!P_1_33 'DE récap'!PU) -> #NAME? | D34: =IF(ISTEXT(('DE récap'!P_1_33 'DE récap'!MT)),0,('DE récap'!P_1_33 'DE récap'!MT)) -> #NAME?
A35: 34 | B35: =IF(ISTEXT(('DE récap'!P_1_34 'DE récap'!Qté)),0,('DE récap'!P_1_34 'DE récap'!Qté)) -> #NAME? | C35: =('DE récap'!P_1_34 'DE récap'!PU) -> #NAME? | D35: =IF(ISTEXT(('DE récap'!P_1_34 'DE récap'!MT)),0,('DE récap'!P_1_34 'DE récap'!MT)) -> #NAME?
A36: 35 | B36: =IF(ISTEXT(('DE récap'!P_1_35 'DE récap'!Qté)),0,('DE récap'!P_1_35 'DE récap'!Qté)) -> #NAME? | C36: =('DE récap'!P_1_35 'DE récap'!PU) -> #NAME? | D36: =IF(ISTEXT(('DE récap'!P_1_35 'DE récap'!MT)),0,('DE récap'!P_1_35 'DE récap'!MT)) -> #NAME?
A37: 36 | B37: =IF(ISTEXT(('DE récap'!P_1_36 'DE récap'!Qté)),0,('DE récap'!P_1_36 'DE récap'!Qté)) -> #NAME? | C37: =('DE récap'!P_1_36 'DE récap'!PU) -> #NAME? | D37: =IF(ISTEXT(('DE récap'!P_1_36 'DE récap'!MT)),0,('DE récap'!P_1_36 'DE récap'!MT)) -> #NAME?
A38: 37 | B38: =IF(ISTEXT(('DE récap'!P_1_37 'DE récap'!Qté)),0,('DE récap'!P_1_37 'DE récap'!Qté)) -> #NAME? | C38: =('DE récap'!P_1_37 'DE récap'!PU) -> #NAME? | D38: =IF(ISTEXT(('DE récap'!P_1_37 'DE récap'!MT)),0,('DE récap'!P_1_37 'DE récap'!MT)) -> #NAME?
A39: 38 | B39: =IF(ISTEXT(('DE récap'!P_1_38 'DE récap'!Qté)),0,('DE récap'!P_1_38 'DE récap'!Qté)) -> #NAME? | C39: =('DE récap'!P_1_38 'DE récap'!PU) -> #NAME? | D39: =IF(ISTEXT(('DE récap'!P_1_38 'DE récap'!MT)),0,('DE récap'!P_1_38 'DE récap'!MT)) -> #NAME?
A40: 39 | B40: =IF(ISTEXT(('DE récap'!P_1_39 'DE récap'!Qté)),0,('DE récap'!P_1_39 'DE récap'!Qté)) -> #NAME? | C40: =('DE récap'!P_1_39 'DE récap'!PU) -> #NAME? | D40: =IF(ISTEXT(('DE récap'!P_1_39 'DE récap'!MT)),0,('DE récap'!P_1_39 'DE récap'!MT)) -> #NAME?
A41: 40 | B41: =IF(ISTEXT(('DE récap'!P_1_40 'DE récap'!Qté)),0,('DE récap'!P_1_40 'DE récap'!Qté)) -> #NAME? | C41: =('DE récap'!P_1_40 'DE récap'!PU) -> #NAME? | D41: =IF(ISTEXT(('DE récap'!P_1_40 'DE récap'!MT)),0,('DE récap'!P_1_40 'DE récap'!MT)) -> #NAME?
A42: 41 | B42: =IF(ISTEXT(('DE récap'!P_1_41 'DE récap'!Qté)),0,('DE récap'!P_1_41 'DE récap'!Qté)) -> #NAME? | C42: =('DE récap'!P_1_41 'DE récap'!PU) -> #NAME? | D42: =IF(ISTEXT(('DE récap'!P_1_41 'DE récap'!MT)),0,('DE récap'!P_1_41 'DE récap'!MT)) -> #NAME?
A43: 42 | B43: =IF(ISTEXT(('DE récap'!P_1_42 'DE récap'!Qté)),0,('DE récap'!P_1_42 'DE récap'!Qté)) -> #NAME? | C43: =('DE récap'!P_1_42 'DE récap'!PU) -> #NAME? | D43: =IF(ISTEXT(('DE récap'!P_1_42 'DE récap'!MT)),0,('DE récap'!P_1_42 'DE récap'!MT)) -> #NAME?
A44: 43 | B44: =IF(ISTEXT(('DE récap'!P_1_43 'DE récap'!Qté)),0,('DE récap'!P_1_43 'DE récap'!Qté)) -> #NAME? | C44: =('DE récap'!P_1_43 'DE récap'!PU) -> #NAME? | D44: =IF(ISTEXT(('DE récap'!P_1_43 'DE récap'!MT)),0,('DE récap'!P_1_43 'DE récap'!MT)) -> #NAME?
A45: 44 | B45: =IF(ISTEXT(('DE récap'!P_1_44 'DE récap'!Qté)),0,('DE récap'!P_1_44 'DE récap'!Qté)) -> #NAME? | C45: =('DE récap'!P_1_44 'DE récap'!PU) -> #NAME? | D45: =IF(ISTEXT(('DE récap'!P_1_44 'DE récap'!MT)),0,('DE récap'!P_1_44 'DE récap'!MT)) -> #NAME?
A46: 45 | B46: =IF(ISTEXT(('DE récap'!P_1_45 'DE récap'!Qté)),0,('DE récap'!P_1_45 'DE récap'!Qté)) -> #NAME? | C46: =('DE récap'!P_1_45 'DE récap'!PU) -> #NAME? | D46: =IF(ISTEXT(('DE récap'!P_1_45 'DE récap'!MT)),0,('DE récap'!P_1_45 'DE récap'!MT)) -> #NAME?
A47: 46 | B47: =IF(ISTEXT(('DE récap'!P_1_46 'DE récap'!Qté)),0,('DE récap'!P_1_46 'DE récap'!Qté)) -> #NAME? | C47: =('DE récap'!P_1_46 'DE récap'!PU) -> #NAME? | D47: =IF(ISTEXT(('DE récap'!P_1_46 'DE récap'!MT)),0,('DE récap'!P_1_46 'DE récap'!MT)) -> #NAME?
A48: 47 | B48: =IF(ISTEXT(('DE récap'!P_1_47 'DE récap'!Qté)),0,('DE récap'!P_1_47 'DE récap'!Qté)) -> #NAME? | C48: =('DE récap'!P_1_47 'DE récap'!PU) -> #NAME? | D48: =IF(ISTEXT(('DE récap'!P_1_47 'DE récap'!MT)),0,('DE récap'!P_1_47 'DE récap'!MT)) -> #NAME?
A49: 48 | B49: =IF(ISTEXT(('DE récap'!P_1_48 'DE récap'!Qté)),0,('DE récap'!P_1_48 'DE récap'!Qté)) -> #NAME? | C49: =('DE récap'!P_1_48 'DE récap'!PU) -> #NAME? | D49: =IF(ISTEXT(('DE récap'!P_1_48 'DE récap'!MT)),0,('DE récap'!P_1_48 'DE récap'!MT)) -> #NAME?
A50: 49 | B50: =IF(ISTEXT(('DE récap'!P_1_49 'DE récap'!Qté)),0,('DE récap'!P_1_49 'DE récap'!Qté)) -> #NAME? | C50: =('DE récap'!P_1_49 'DE récap'!PU) -> #NAME? | D50: =IF(ISTEXT(('DE récap'!P_1_49 'DE récap'!MT)),0,('DE récap'!P_1_49 'DE récap'!MT)) -> #NAME?
A51: 50 | B51: =IF(ISTEXT(('DE récap'!P_1_50 'DE récap'!Qté)),0,('DE récap'!P_1_50 'DE récap'!Qté)) -> #NAME? | C51: =('DE récap'!P_1_50 'DE récap'!PU) -> #NAME? | D51: =IF(ISTEXT(('DE récap'!P_1_50 'DE récap'!MT)),0,('DE récap'!P_1_50 'DE récap'!MT)) -> #NAME?
A52: 51 | B52: =IF(ISTEXT(('DE récap'!P_1_51 'DE récap'!Qté)),0,('DE récap'!P_1_51 'DE récap'!Qté)) -> #NAME? | C52: =('DE récap'!P_1_51 'DE récap'!PU) -> #NAME? | D52: =IF(ISTEXT(('DE récap'!P_1_51 'DE récap'!MT)),0,('DE récap'!P_1_51 'DE récap'!MT)) -> #NAME?
A53: 52 | B53: =IF(ISTEXT(('DE récap'!P_1_52 'DE récap'!Qté)),0,('DE récap'!P_1_52 'DE récap'!Qté)) -> #NAME? | C53: =('DE récap'!P_1_52 'DE récap'!PU) -> #NAME? | D53: =IF(ISTEXT(('DE récap'!P_1_52 'DE récap'!MT)),0,('DE récap'!P_1_52 'DE récap'!MT)) -> #NAME?
A54: 53 | B54: =IF(ISTEXT(('DE récap'!P_1_53 'DE récap'!Qté)),0,('DE récap'!P_1_53 'DE récap'!Qté)) -> #NAME? | C54: =('DE récap'!P_1_53 'DE récap'!PU) -> #NAME? | D54: =IF(ISTEXT(('DE récap'!P_1_53 'DE récap'!MT)),0,('DE récap'!P_1_53 'DE récap'!MT)) -> #NAME?
A55: 54 | B55: =IF(ISTEXT(('DE récap'!P_1_54 'DE récap'!Qté)),0,('DE récap'!P_1_54 'DE récap'!Qté)) -> #NAME? | C55: =('DE récap'!P_1_54 'DE récap'!PU) -> #NAME? | D55: =IF(ISTEXT(('DE récap'!P_1_54 'DE récap'!MT)),0,('DE récap'!P_1_54 'DE récap'!MT)) -> #NAME?
A56: 55 | B56: =IF(ISTEXT(('DE récap'!P_1_55 'DE récap'!Qté)),0,('DE récap'!P_1_55 'DE récap'!Qté)) -> #NAME? | C56: =('DE récap'!P_1_55 'DE récap'!PU) -> #NAME? | D56: =IF(ISTEXT(('DE récap'!P_1_55 'DE récap'!MT)),0,('DE récap'!P_1_55 'DE récap'!MT)) -> #NAME?
A57: 56 | B57: =IF(ISTEXT(('DE récap'!P_1_56 'DE récap'!Qté)),0,('DE récap'!P_1_56 'DE récap'!Qté)) -> #NAME? | C57: =('DE récap'!P_1_56 'DE récap'!PU) -> #NAME? | D57: =IF(ISTEXT(('DE récap'!P_1_56 'DE récap'!MT)),0,('DE récap'!P_1_56 'DE récap'!MT)) -> #NAME?
A58: 57 | B58: =IF(ISTEXT(('DE récap'!P_1_57 'DE récap'!Qté)),0,('DE récap'!P_1_57 'DE récap'!Qté)) -> #NAME? | C58: =('DE récap'!P_1_57 'DE récap'!PU) -> #NAME? | D58: =IF(ISTEXT(('DE récap'!P_1_57 'DE récap'!MT)),0,('DE récap'!P_1_57 'DE récap'!MT)) -> #NAME?
A59: 58 | B59: =IF(ISTEXT(('DE récap'!P_1_58 'DE récap'!Qté)),0,('DE récap'!P_1_58 'DE récap'!Qté)) -> #NAME? | C59: =('DE récap'!P_1_58 'DE récap'!PU) -> #NAME? | D59: =IF(ISTEXT(('DE récap'!P_1_58 'DE récap'!MT)),0,('DE récap'!P_1_58 'DE récap'!MT)) -> #NAME?
A60: 59 | B60: =IF(ISTEXT(('DE récap'!P_1_59 'DE récap'!Qté)),0,('DE récap'!P_1_59 'DE récap'!Qté)) -> #NAME? | C60: =('DE récap'!P_1_59 'DE récap'!PU) -> #NAME? | D60: =IF(ISTEXT(('DE récap'!P_1_59 'DE récap'!MT)),0,('DE récap'!P_1_59 'DE récap'!MT)) -> #NAME?
A61: 60 | B61: =IF(ISTEXT(('DE récap'!P_1_60 'DE récap'!Qté)),0,('DE récap'!P_1_60 'DE récap'!Qté)) -> #NAME? | C61: =('DE récap'!P_1_60 'DE récap'!PU) -> #NAME? | D61: =IF(ISTEXT(('DE récap'!P_1_60 'DE récap'!MT)),0,('DE récap'!P_1_60 'DE récap'!MT)) -> #NAME?
A62: 61 | B62: =IF(ISTEXT(('DE récap'!P_1_61 'DE récap'!Qté)),0,('DE récap'!P_1_61 'DE récap'!Qté)) -> #NAME? | C62: =('DE récap'!P_1_61 'DE récap'!PU) -> #NAME? | D62: =IF(ISTEXT(('DE récap'!P_1_61 'DE récap'!MT)),0,('DE récap'!P_1_61 'DE récap'!MT)) -> #NAME?
A63: 62 | B63: =IF(ISTEXT(('DE récap'!P_1_62 'DE récap'!Qté)),0,('DE récap'!P_1_62 'DE récap'!Qté)) -> #NAME? | C63: =('DE récap'!P_1_62 'DE récap'!PU) -> #NAME? | D63: =IF(ISTEXT(('DE récap'!P_1_62 'DE récap'!MT)),0,('DE récap'!P_1_62 'DE récap'!MT)) -> #NAME?
A64: 63 | B64: =IF(ISTEXT(('DE récap'!P_1_63 'DE récap'!Qté)),0,('DE récap'!P_1_63 'DE récap'!Qté)) -> #NAME? | C64: =('DE récap'!P_1_63 'DE récap'!PU) -> #NAME? | D64: =IF(ISTEXT(('DE récap'!P_1_63 'DE récap'!MT)),0,('DE récap'!P_1_63 'DE récap'!MT)) -> #NAME?
A65: 64 | B65: =IF(ISTEXT(('DE récap'!P_1_64 'DE récap'!Qté)),0,('DE récap'!P_1_64 'DE récap'!Qté)) -> #NAME? | C65: =('DE récap'!P_1_64 'DE récap'!PU) -> #NAME? | D65: =IF(ISTEXT(('DE récap'!P_1_64 'DE récap'!MT)),0,('DE récap'!P_1_64 'DE récap'!MT)) -> #NAME?
A66: 65 | B66: =IF(ISTEXT(('DE récap'!P_1_65 'DE récap'!Qté)),0,('DE récap'!P_1_65 'DE récap'!Qté)) -> #NAME? | C66: =('DE récap'!P_1_65 'DE récap'!PU) -> #NAME? | D66: =IF(ISTEXT(('DE récap'!P_1_65 'DE récap'!MT)),0,('DE récap'!P_1_65 'DE récap'!MT)) -> #NAME?
A67: 66 | B67: =IF(ISTEXT(('DE récap'!P_1_66 'DE récap'!Qté)),0,('DE récap'!P_1_66 'DE récap'!Qté)) -> #NAME? | C67: =('DE récap'!P_1_66 'DE récap'!PU) -> #NAME? | D67: =IF(ISTEXT(('DE récap'!P_1_66 'DE récap'!MT)),0,('DE récap'!P_1_66 'DE récap'!MT)) -> #NAME?
A68: 67 | B68: =IF(ISTEXT(('DE récap'!P_1_67 'DE récap'!Qté)),0,('DE récap'!P_1_67 'DE récap'!Qté)) -> #NAME? | C68: =('DE récap'!P_1_67 'DE récap'!PU) -> #NAME? | D68: =IF(ISTEXT(('DE récap'!P_1_67 'DE récap'!MT)),0,('DE récap'!P_1_67 'DE récap'!MT)) -> #NAME?
A69: 68 | B69: =IF(ISTEXT(('DE récap'!P_1_68 'DE récap'!Qté)),0,('DE récap'!P_1_68 'DE récap'!Qté)) -> #NAME? | C69: =('DE récap'!P_1_68 'DE récap'!PU) -> #NAME? | D69: =IF(ISTEXT(('DE récap'!P_1_68 'DE récap'!MT)),0,('DE récap'!P_1_68 'DE récap'!MT)) -> #NAME?
A70: 69 | B70: =IF(ISTEXT(('DE récap'!P_1_69 'DE récap'!Qté)),0,('DE récap'!P_1_69 'DE récap'!Qté)) -> #NAME? | C70: =('DE récap'!P_1_69 'DE récap'!PU) -> #NAME? | D70: =IF(ISTEXT(('DE récap'!P_1_69 'DE récap'!MT)),0,('DE récap'!P_1_69 'DE récap'!MT)) -> #NAME?
A71: 70 | B71: =IF(ISTEXT(('DE récap'!P_1_70 'DE récap'!Qté)),0,('DE récap'!P_1_70 'DE récap'!Qté)) -> #NAME? | C71: =('DE récap'!P_1_70 'DE récap'!PU) -> #NAME? | D71: =IF(ISTEXT(('DE récap'!P_1_70 'DE récap'!MT)),0,('DE récap'!P_1_70 'DE récap'!MT)) -> #NAME?
A72: 71 | B72: =IF(ISTEXT(('DE récap'!P_1_71 'DE récap'!Qté)),0,('DE récap'!P_1_71 'DE récap'!Qté)) -> #NAME? | C72: =('DE récap'!P_1_71 'DE récap'!PU) -> #NAME? | D72: =IF(ISTEXT(('DE récap'!P_1_71 'DE récap'!MT)),0,('DE récap'!P_1_71 'DE récap'!MT)) -> #NAME?
A73: 72 | B73: =IF(ISTEXT(('DE récap'!P_1_72 'DE récap'!Qté)),0,('DE récap'!P_1_72 'DE récap'!Qté)) -> #NAME? | C73: =('DE récap'!P_1_72 'DE récap'!PU) -> #NAME? | D73: =IF(ISTEXT(('DE récap'!P_1_72 'DE récap'!MT)),0,('DE récap'!P_1_72 'DE récap'!MT)) -> #NAME?
A74: 73 | B74: =IF(ISTEXT(('DE récap'!P_1_73 'DE récap'!Qté)),0,('DE récap'!P_1_73 'DE récap'!Qté)) -> #NAME? | C74: =('DE récap'!P_1_73 'DE récap'!PU) -> #NAME? | D74: =IF(ISTEXT(('DE récap'!P_1_73 'DE récap'!MT)),0,('DE récap'!P_1_73 'DE récap'!MT)) -> #NAME?
A75: 74 | B75: =IF(ISTEXT(('DE récap'!P_1_74 'DE récap'!Qté)),0,('DE récap'!P_1_74 'DE récap'!Qté)) -> #NAME? | C75: =('DE récap'!P_1_74 'DE récap'!PU) -> #NAME? | D75: =IF(ISTEXT(('DE récap'!P_1_74 'DE récap'!MT)),0,('DE récap'!P_1_74 'DE récap'!MT)) -> #NAME?
A76: 75 | B76: =IF(ISTEXT(('DE récap'!P_1_75 'DE récap'!Qté)),0,('DE récap'!P_1_75 'DE récap'!Qté)) -> #NAME? | C76: =('DE récap'!P_1_75 'DE récap'!PU) -> #NAME? | D76: =IF(ISTEXT(('DE récap'!P_1_75 'DE récap'!MT)),0,('DE récap'!P_1_75 'DE récap'!MT)) -> #NAME?
A77: 76 | B77: =IF(ISTEXT(('DE récap'!P_1_76 'DE récap'!Qté)),0,('DE récap'!P_1_76 'DE récap'!Qté)) -> #NAME? | C77: =('DE récap'!P_1_76 'DE récap'!PU) -> #NAME? | D77: =IF(ISTEXT(('DE récap'!P_1_76 'DE récap'!MT)),0,('DE récap'!P_1_76 'DE récap'!MT)) -> #NAME?
A78: 77 | B78: =IF(ISTEXT(('DE récap'!P_1_77 'DE récap'!Qté)),0,('DE récap'!P_1_77 'DE récap'!Qté)) -> #NAME? | C78: =('DE récap'!P_1_77 'DE récap'!PU) -> #NAME? | D78: =IF(ISTEXT(('DE récap'!P_1_77 'DE récap'!MT)),0,('DE récap'!P_1_77 'DE récap'!MT)) -> #NAME?
A79: 78 | B79: =IF(ISTEXT(('DE récap'!P_1_78 'DE récap'!Qté)),0,('DE récap'!P_1_78 'DE récap'!Qté)) -> #NAME? | C79: =('DE récap'!P_1_78 'DE récap'!PU) -> #NAME? | D79: =IF(ISTEXT(('DE récap'!P_1_78 'DE récap'!MT)),0,('DE récap'!P_1_78 'DE récap'!MT)) -> #NAME?
A80: 79 | B80: =IF(ISTEXT(('DE récap'!P_1_79 'DE récap'!Qté)),0,('DE récap'!P_1_79 'DE récap'!Qté)) -> #NAME? | C80: =('DE récap'!P_1_79 'DE récap'!PU) -> #NAME? | D80: =IF(ISTEXT(('DE récap'!P_1_79 'DE récap'!MT)),0,('DE récap'!P_1_79 'DE récap'!MT)) -> #NAME?
A81: 80 | B81: =IF(ISTEXT(('DE récap'!P_1_80 'DE récap'!Qté)),0,('DE récap'!P_1_80 'DE récap'!Qté)) -> #NAME? | C81: =('DE récap'!P_1_80 'DE récap'!PU) -> #NAME? | D81: =IF(ISTEXT(('DE récap'!P_1_80 'DE récap'!MT)),0,('DE récap'!P_1_80 'DE récap'!MT)) -> #NAME?
A82: 81 | B82: =IF(ISTEXT(('DE récap'!P_1_81 'DE récap'!Qté)),0,('DE récap'!P_1_81 'DE récap'!Qté)) -> #NAME? | C82: =('DE récap'!P_1_81 'DE récap'!PU) -> #NAME? | D82: =IF(ISTEXT(('DE récap'!P_1_81 'DE récap'!MT)),0,('DE récap'!P_1_81 'DE récap'!MT)) -> #NAME?
A83: 82 | B83: =IF(ISTEXT(('DE récap'!P_1_82 'DE récap'!Qté)),0,('DE récap'!P_1_82 'DE récap'!Qté)) -> #NAME? | C83: =('DE récap'!P_1_82 'DE récap'!PU) -> #NAME? | D83: =IF(ISTEXT(('DE récap'!P_1_82 'DE récap'!MT)),0,('DE récap'!P_1_82 'DE récap'!MT)) -> #NAME?
A84: 83 | B84: =IF(ISTEXT(('DE récap'!P_1_83 'DE récap'!Qté)),0,('DE récap'!P_1_83 'DE récap'!Qté)) -> #NAME? | C84: =('DE récap'!P_1_83 'DE récap'!PU) -> #NAME? | D84: =IF(ISTEXT(('DE récap'!P_1_83 'DE récap'!MT)),0,('DE récap'!P_1_83 'DE récap'!MT)) -> #NAME?
A85: 84 | B85: =IF(ISTEXT(('DE récap'!P_1_84 'DE récap'!Qté)),0,('DE récap'!P_1_84 'DE récap'!Qté)) -> #NAME? | C85: =('DE récap'!P_1_84 'DE récap'!PU) -> #NAME? | D85: =IF(ISTEXT(('DE récap'!P_1_84 'DE récap'!MT)),0,('DE récap'!P_1_84 'DE récap'!MT)) -> #NAME?
A86: 85 | B86: =IF(ISTEXT(('DE récap'!P_1_85 'DE récap'!Qté)),0,('DE récap'!P_1_85 'DE récap'!Qté)) -> #NAME? | C86: =('DE récap'!P_1_85 'DE récap'!PU) -> #NAME? | D86: =IF(ISTEXT(('DE récap'!P_1_85 'DE récap'!MT)),0,('DE récap'!P_1_85 'DE récap'!MT)) -> #NAME?
A87: 86 | B87: =IF(ISTEXT(('DE récap'!P_1_86 'DE récap'!Qté)),0,('DE récap'!P_1_86 'DE récap'!Qté)) -> #NAME? | C87: =('DE récap'!P_1_86 'DE récap'!PU) -> #NAME? | D87: =IF(ISTEXT(('DE récap'!P_1_86 'DE récap'!MT)),0,('DE récap'!P_1_86 'DE récap'!MT)) -> #NAME?
A88: 87 | B88: =IF(ISTEXT(('DE récap'!P_1_87 'DE récap'!Qté)),0,('DE récap'!P_1_87 'DE récap'!Qté)) -> #NAME? | C88: =('DE récap'!P_1_87 'DE récap'!PU) -> #NAME? | D88: =IF(ISTEXT(('DE récap'!P_1_87 'DE récap'!MT)),0,('DE récap'!P_1_87 'DE récap'!MT)) -> #NAME?
A89: 88 | B89: =IF(ISTEXT(('DE récap'!P_1_88 'DE récap'!Qté)),0,('DE récap'!P_1_88 'DE récap'!Qté)) -> #NAME? | C89: =('DE récap'!P_1_88 'DE récap'!PU) -> #NAME? | D89: =IF(ISTEXT(('DE récap'!P_1_88 'DE récap'!MT)),0,('DE récap'!P_1_88 'DE récap'!MT)) -> #NAME?
A90: 89 | B90: =IF(ISTEXT(('DE récap'!P_1_89 'DE récap'!Qté)),0,('DE récap'!P_1_89 'DE récap'!Qté)) -> #NAME? | C90: =('DE récap'!P_1_89 'DE récap'!PU) -> #NAME? | D90: =IF(ISTEXT(('DE récap'!P_1_89 'DE récap'!MT)),0,('DE récap'!P_1_89 'DE récap'!MT)) -> #NAME?
A91: 90 | B91: =IF(ISTEXT(('DE récap'!P_1_90 'DE récap'!Qté)),0,('DE récap'!P_1_90 'DE récap'!Qté)) -> #NAME? | C91: =('DE récap'!P_1_90 'DE récap'!PU) -> #NAME? | D91: =IF(ISTEXT(('DE récap'!P_1_90 'DE récap'!MT)),0,('DE récap'!P_1_90 'DE récap'!MT)) -> #NAME?
A92: 91 | B92: =IF(ISTEXT(('DE récap'!P_1_91 'DE récap'!Qté)),0,('DE récap'!P_1_91 'DE récap'!Qté)) -> #NAME? | C92: =('DE récap'!P_1_91 'DE récap'!PU) -> #NAME? | D92: =IF(ISTEXT(('DE récap'!P_1_91 'DE récap'!MT)),0,('DE récap'!P_1_91 'DE récap'!MT)) -> #NAME?
A93: 92 | B93: =IF(ISTEXT(('DE récap'!P_1_92 'DE récap'!Qté)),0,('DE récap'!P_1_92 'DE récap'!Qté)) -> #NAME? | C93: =('DE récap'!P_1_92 'DE récap'!PU) -> #NAME? | D93: =IF(ISTEXT(('DE récap'!P_1_92 'DE récap'!MT)),0,('DE récap'!P_1_92 'DE récap'!MT)) -> #NAME?
A94: 93 | B94: =IF(ISTEXT(('DE récap'!P_1_93 'DE récap'!Qté)),0,('DE récap'!P_1_93 'DE récap'!Qté)) -> #NAME? | C94: =('DE récap'!P_1_93 'DE récap'!PU) -> #NAME? | D94: =IF(ISTEXT(('DE récap'!P_1_93 'DE récap'!MT)),0,('DE récap'!P_1_93 'DE récap'!MT)) -> #NAME?
A95: 94 | B95: =IF(ISTEXT(('DE récap'!P_1_94 'DE récap'!Qté)),0,('DE récap'!P_1_94 'DE récap'!Qté)) -> #NAME? | C95: =('DE récap'!P_1_94 'DE récap'!PU) -> #NAME? | D95: =IF(ISTEXT(('DE récap'!P_1_94 'DE récap'!MT)),0,('DE récap'!P_1_94 'DE récap'!MT)) -> #NAME?
A96: 95 | B96: =IF(ISTEXT(('DE récap'!P_1_95 'DE récap'!Qté)),0,('DE récap'!P_1_95 'DE récap'!Qté)) -> #NAME? | C96: =('DE récap'!P_1_95 'DE récap'!PU) -> #NAME? | D96: =IF(ISTEXT(('DE récap'!P_1_95 'DE récap'!MT)),0,('DE récap'!P_1_95 'DE récap'!MT)) -> #NAME?
A97: 96 | B97: =IF(ISTEXT(('DE récap'!P_1_96 'DE récap'!Qté)),0,('DE récap'!P_1_96 'DE récap'!Qté)) -> #NAME? | C97: =('DE récap'!P_1_96 'DE récap'!PU) -> #NAME? | D97: =IF(ISTEXT(('DE récap'!P_1_96 'DE récap'!MT)),0,('DE récap'!P_1_96 'DE récap'!MT)) -> #NAME?
A98: 97 | B98: =IF(ISTEXT(('DE récap'!P_1_97 'DE récap'!Qté)),0,('DE récap'!P_1_97 'DE récap'!Qté)) -> #NAME? | C98: =('DE récap'!P_1_97 'DE récap'!PU) -> #NAME? | D98: =IF(ISTEXT(('DE récap'!P_1_97 'DE récap'!MT)),0,('DE récap'!P_1_97 'DE récap'!MT)) -> #NAME?
A99: 98 | B99: =IF(ISTEXT(('DE récap'!P_1_98 'DE récap'!Qté)),0,('DE récap'!P_1_98 'DE récap'!Qté)) -> #NAME? | C99: =('DE récap'!P_1_98 'DE récap'!PU) -> #NAME? | D99: =IF(ISTEXT(('DE récap'!P_1_98 'DE récap'!MT)),0,('DE récap'!P_1_98 'DE récap'!MT)) -> #NAME?
A100: 99 | B100: =IF(ISTEXT(('DE récap'!P_1_99 'DE récap'!Qté)),0,('DE récap'!P_1_99 'DE récap'!Qté)) -> #NAME? | C100: =('DE récap'!P_1_99 'DE récap'!PU) -> #NAME? | D100: =IF(ISTEXT(('DE récap'!P_1_99 'DE récap'!MT)),0,('DE récap'!P_1_99 'DE récap'!MT)) -> #NAME?
...
